Workbook

Sheet Agency
A2: Agency Acquisition Cash Flow Projection Worksheet
A3: Use this tool as you consider a possible acquisition. It will help you understand the financial implications of the acquisition on your agency's cash flow over the next 15 years. You can also see the impact that borrowing will have on your cash flow. And you can compare your agency's annual profit if you acquire vs simply growing organically.
A5: Purchase Price | B5: 100 | D5: Input Factors | G5: YEAR | I5: 1 | J5: 2 | K5: 3 | L5: 4 | M5: 5 | N5: 6 | O5: 7 | P5: 8 | Q5: 9 | R5: 10 | S5: 11 | T5: 12 | U5: 13 | V5: 14 | W5: 15
A6: Money Down | B6: 10 | D6: Annual Book Growth | E6: 0.05 | G6: Book Size (Preimum) | I6: =E9 -> 1000 | J6: =I8 -> 1000 | K6: =J8 -> 1050 | L6: =K8 -> 1102.5 | M6: =L8 -> 1157.625 | N6: =M8 -> 1215.5063 | O6: =N8 -> 1276.2816 | P6: =O8 -> 1340.0956 | Q6: =P8 -> 1407.1004 | ... W6: =V8 -> 1885.6491
A7: Seller Financing Amount | B7: 20 | D7: =G12 -> Estimated Expense Growth Rate | E7: 0.04 | G7: Estimated Growth | I7: 0 | J7: =$E$6 -> 0.05 | K7: =$E$6 -> 0.05 | L7: =$E$6 -> 0.05 | M7: =$E$6 -> 0.05 | N7: =$E$6 -> 0.05 | O7: =$E$6 -> 0.05 | P7: =$E$6 -> 0.05 | Q7: =$E$6 -> 0.05 | ... W7: =$E$6 -> 0.05
A8: Bank Loan Amount | B8: =B5-B6-B7 -> 70 | D8: Commission Rate | E8: 0.11 | G8: Book Size with growth | I8: =I6*(1+I7) -> 1000 | J8: =J6*(1+J7) -> 1050 | K8: =K6*(1+K7) -> 1102.5 | L8: =L6*(1+L7) -> 1157.625 | M8: =M6*(1+M7) -> 1215.5063 | N8: =N6*(1+N7) -> 1276.2816 | O8: =O6*(1+O7) -> 1340.0956 | P8: =P6*(1+P7) -> 1407.1004 | ... W8: =W6*(1+W7) -> 1979.9316
A9: Bank Loan Fees | B9: 5 | D9: =G6 -> Book Size (Preimum) | E9: 1000 | G9: Estimated Commission Rate | I9: =$E$8 -> 0.11 | J9: =$E$8 -> 0.11 | K9: =$E$8 -> 0.11 | L9: =$E$8 -> 0.11 | M9: =$E$8 -> 0.11 | N9: =$E$8 -> 0.11 | O9: =$E$8 -> 0.11 | P9: =$E$8 -> 0.11 | ... W9: =$E$8 -> 0.11
D10: Revenue Type | E10: Premium | G10: Generate Revenue | I10: =IF(E10="Premium",I8*I9,IF(E10="Commissions",$F$25,"Select Revenue Type")) -> 110 | J10: =IF($E$10="Premium",J8*J9,IF($E$10="Commissions",I10*(1+J7))) -> 115.5 | K10: =IF($E$10="Premium",K8*K9,IF($E$10="Commissions",J10*(1+K7))) -> 121.275 | L10: =IF($E$10="Premium",L8*L9,IF($E$10="Commissions",K10*(1+L7))) -> 127.33875 | M10: =IF($E$10="Premium",M8*M9,IF($E$10="Commissions",L10*(1+M7))) -> 133.70569 | N10: =IF($E$10="Premium",N8*N9,IF($E$10="Commissions",M10*(1+N7))) -> 140.39097 | O10: =IF($E$10="Premium",O8*O9,IF($E$10="Commissions",N10*(1+O7))) -> 147.41052 | P10: =IF($E$10="Premium",P8*P9,IF($E$10="Commissions",O10*(1+P7))) -> 154.78105 | Q10: =IF($E$10="Premium",Q8*Q9,IF($E$10="Commissions",P10*(1+Q7))) -> 162.5201 | ... W10: =IF($E$10="Premium",W8*W9,IF($E$10="Commissions",V10*(1+W7))) -> 217.79248
A11: Bank Loan + Fee's | B11: =B8+B9 -> 75 | G11: Annual Expenses | I11: =$E$47 -> 482.43914 | J11: =$E$47 -> 482.43914 | K11: =$E$47 -> 482.43914 | L11: =$E$47 -> 482.43914 | M11: =$E$47 -> 482.43914 | N11: =$E$47 -> 482.43914 | O11: =$E$47 -> 482.43914 | P11: =$E$47 -> 482.43914 | ... W11: =$E$47 -> 482.43914
A12: Interest Rate | B12: 0.1 | G12: Estimated Expense Growth Rate | I12: 0 | J12: =$E$7 -> 0.04 | K12: =$E$7 -> 0.04 | L12: =$E$7 -> 0.04 | M12: =$E$7 -> 0.04 | N12: =$E$7 -> 0.04 | O12: =$E$7 -> 0.04 | P12: =$E$7 -> 0.04 | Q12: =$E$7 -> 0.04 | ... W12: =$E$7 -> 0.04
A13: Loan Years | B13: 10 | G13: Annual Expenses With Growth | I13: =I11*(1+I12) -> 482.43914 | J13: =J11*(1+J12) -> 501.7367 | K13: =K11*(1+K12) -> 501.7367 | L13: =L11*(1+L12) -> 501.7367 | M13: =M11*(1+M12) -> 501.7367 | N13: =N11*(1+N12) -> 501.7367 | O13: =O11*(1+O12) -> 501.7367 | P13: =P11*(1+P12) -> 501.7367 | ... W13: =W11*(1+W12) -> 501.7367
A14: Annual Bank Loan Payment | B14: =PMT(B12/12,B13*12,-B11)*12 -> 11.893566 | G14: Annual Note Payment | I14: =IF(I5<=$B$13,$B$14,0)+IF(I5<=$B$18,$B$19,0) -> 14.439139 | J14: =IF(J5<=$B$13,$B$14,0)+IF(J5<=$B$18,$B$19,0) -> 14.439139 | K14: =IF(K5<=$B$13,$B$14,0)+IF(K5<=$B$18,$B$19,0) -> 14.439139 | L14: =IF(L5<=$B$13,$B$14,0)+IF(L5<=$B$18,$B$19,0) -> 14.439139 | M14: =IF(M5<=$B$13,$B$14,0)+IF(M5<=$B$18,$B$19,0) -> 14.439139 | N14: =IF(N5<=$B$13,$B$14,0)+IF(N5<=$B$18,$B$19,0) -> 14.439139 | O14: =IF(O5<=$B$13,$B$14,0)+IF(O5<=$B$18,$B$19,0) -> 14.439139 | P14: =IF(P5<=$B$13,$B$14,0)+IF(P5<=$B$18,$B$19,0) -> 14.439139 | ... W14: =IF(W5<=$B$13,$B$14,0)+IF(W5<=$B$18,$B$19,0) -> 0
G15: Annual Profit | I15: =I10-I13-I14 -> -386.87828 | J15: =J10-J13-J14 -> -400.67584 | K15: =K10-K13-K14 -> -394.90084 | L15: =L10-L13-L14 -> -388.83709 | M15: =M10-M13-M14 -> -382.47016 | N15: =N10-N13-N14 -> -375.78487 | O15: =O10-O13-O14 -> -368.76532 | P15: =P10-P13-P14 -> -361.3948 | ... W15: =W10-W13-W14 -> -283.94423
A16: Seller Financing Loan | B16: =B7 -> 20
A17: Interest Rate | B17: 0.05 | G17: Annual Profit without the Acquisition
A18: Loan Years | B18: 10
A19: Annual Seller Loan Payment | B19: =PMT(B17/12,B18*12,-B16)*12 -> 2.5455724
A20: Total Annual Loan Payment | B20: =B19+B14 -> 14.439139
B23: Current Agency | D23: New Agency | F23: Combined Totals | I23: Carrier | J23: Commercial or Personal Lines | K23: Sub-Policy Type (P&C or Non P&C) | L23: Sub-Policy Type - Detail (Home, Auto, Medicare, etc.…) | M23: Annual Net Commissions | N23: Estimated Avg. Policy Count | O23: Estimated Annual Retention Rate | P23: Agency Bill vs. Direct Bill
A24: Income | B24: Monthly | C24: Annual | D24: Monthly | E24: Annual | I24: Test Carrier | J24: Personal | K24: P&C | L24: Auto - Motorcycle | M24: 2500 | N24: 10 | O24: 0.75 | P24: Direct Bill
A25: Commission Revenue | B25: 9 | C25: =B25*12 -> 108 | D25: 10 | E25: =D25*12 -> 120 | F25: =C25+E25 -> 228
A27: Expenses | B27: Monthly | C27: Annual | D27: Monthly | E27: Annual
A28: Electric/Gas | B28: 1 | C28: =B28*12 -> 12 | D28: 1 | E28: =D28*12 -> 12 | F28: =C28+E28 -> 24
A29: Phone | B29: 2 | C29: =B29*12 -> 24 | D29: 2 | E29: =D29*12 -> 24 | F29: =C29+E29 -> 48
A30: Employee Salaries | B30: 3 | C30: =B30*12 -> 36 | D30: 3 | E30: =D30*12 -> 36 | F30: =C30+E30 -> 72
A31: Employee Benefits | B31: 1 | C31: =B31*12 -> 12 | D31: 2 | E31: =D31*12 -> 24 | F31: =C31+E31 -> 36
A32: Cable/Internet | B32: 1 | C32: =B32*12 -> 12 | D32: 4 | E32: =D32*12 -> 48 | F32: =C32+E32 -> 60
A33: Advertising | B33: 1 | C33: =B33*12 -> 12 | D33: 3 | E33: =D33*12 -> 36 | F33: =C33+E33 -> 48
A34: Carrier Management System | B34: 2 | C34: =B34*12 -> 24 | D34: 1 | E34: =D34*12 -> 12 | F34: =C34+E34 -> 36
A35: Rater | B35: 1 | C35: =B35*12 -> 12 | D35: 3 | E35: =D35*12 -> 36 | F35: =C35+E35 -> 48
A36: Rent | B36: 7 | C36: =B36*12 -> 84 | D36: 2 | E36: =D36*12 -> 24 | F36: =C36+E36 -> 108 | L36: Commissions Total | M36: =SUM(M25:M35) -> 0
A37: Office Supplies | B37: 2 | C37: =B37*12 -> 24 | D37: 4 | E37: =D37*12 -> 48 | F37: =C37+E37 -> 72
A38: Printers/Copiers | B38: 2 | C38: =B38*12 -> 24 | D38: 1 | E38: =D38*12 -> 12 | F38: =C38+E38 -> 36
A39: Postage | B39: 2 | C39: =B39*12 -> 24 | D39: 2 | E39: =D39*12 -> 24 | F39: =C39+E39 -> 48
A40: Bonuses | B40: 2 | C40: =B40*12 -> 24 | D40: 5 | E40: =D40*12 -> 60 | F40: =C40+E40 -> 84
A41: Insurance | B41: 2 | C41: =B41*12 -> 24 | D41: 3 | E41: =D41*12 -> 36 | F41: =C41+E41 -> 60
A42: Computers | B42: 2 | C42: =B42*12 -> 24 | D42: 2 | E42: =D42*12 -> 24 | F42: =C42+E42 -> 48
A43: Shredding | B43: 2 | C43: =B43*12 -> 24 | D43: 1 | E43: =D43*12 -> 12 | F43: =C43+E43 -> 36
A44: Annual Loan Payment | B44: =B20 -> 14.439139 | C44: =B44*12 -> 173.26966 | D44: =E44/12 -> 1.2032616 | E44: =B20 -> 14.439139 | F44: =C44+E44 -> 187.7088
F45: =C45+E45 -> 0
A46: Total Expenses Without Note PMT | D46: =SUM(D28:D43) -> 39 | E46: =SUM(E28:E43) -> 468
A47: Total Expenses With Note PMT | D47: =SUM(D28:D44) -> 40.203262 | E47: =SUM(E28:E44) -> 482.43914

Sheet Loan Amorization
F1: Amortization Loan 1 | U1: Amortization Loan 2
C3: Regular Bank Loan | D3: AgileCap Bridge | AD3: Loan 1 | AH3: Loan 2
C5: Bank Loan | D5: Seller Note | F5: Time 1 | G5: Loan Balance Beginning 1 | H5: Payment 1 | I5: Interest Amount 1 | J5: Cumulative Interest | K5: Principal Amount 1 | L5: Cumulative Principal | M5: Early Repayment | N5: Loan Balance Ending 1 | O5: Points % | P5: Bank Charges | Q5: PrePayment % | R5: Annual APR | S5: Monthly APR | U5: Time 2 | V5: Loan Balance Beginning 2 | W5: Payment 2 | X5: Interest Amount 2 | Y5: Cumulative Interest | Z5: Principal Amount 2 | AA5: Cumulative Principal | AB5: Loan Balance Ending 2 | AD5: Year | AE5: Stated Rate 1 | AF5: Loan Balance | AG5: True Rate 1 | AH5: Year | AI5: Stated Rate 2 | AJ5: Loan Balance | AK5: True Rate 2 | AQ5: The End
B6: Loan Amount | C6: =Agency!B11 -> 75 | D6: =Agency!B16 -> 20 | F6: 0 | N6: =C6 -> 75 | O6: =C21 -> 0.066666667 | P6: =C23 -> 0 | Q6: =C24 -> 0 | U6: 0 | AB6: =D6 -> 20 | AD6: 0 | AE6: =C7 -> 0.1 | AF6: =N6 -> 75 | AH6: 0 | AI6: =D7 -> 0.05 | AJ6: =D6 -> 20
B7: Annual interest Rates | C7: =Agency!B12 -> 0.1 | D7: =Agency!B17 -> 0.05 | F7: 1 | G7: =C6 -> 75 | H7: =C9 -> 0.99113053 | I7: =C7/12*G7 -> 0.625 | J7: =I7 -> 0.625 | K7: =H7-I7 -> 0.36613053 | L7: =K7 -> 0.36613053 | N7: =G7-K7 -> 74.633869 | R7: =RATE(F7,H7,-($G$7-$O$6*$G$7-$P$6),N7+$Q$6*N7)*12 -> 0.96428571 | U7: 1 | V7: =D6 -> 20 | W7: =D9 -> 0.21213103 | X7: =($D$7/12)*V7 -> 0.083333333 | Y7: =X7 -> 0.083333333 | Z7: =W7-X7 -> 0.1287977 | AA7: =Z7 -> 0.1287977 | AB7: =V7-Z7 -> 19.871202 | AD7: 1 | AE7: =AE6 -> 0.1 | AF7: =-PV($C$7/12,($C$8*12)-AD7*12,$C$9) -> 70.399362 | AG7: =((1+(RATE(AD7*12,$C$9,-($C$6-$C$21*$C$6-$C$23),AF7+$C$24*AF7)))^12)-1 -> 0.18994059 | AH7: 1 | AI7: =AI6 -> 0.05 | AJ7: =-PV($D$7/12,($D$8*12)-AH7*12,$D$9) -> 18.418512 | AK7: =((1+(RATE(AH7*12,$D$9,-($D$6-$D$21*$D$6-$D$23),AJ7+$D$24*AJ7)))^12)-1 -> 0.051161898
B8: Term in Years | C8: =Agency!B13 -> 10 | D8: =Agency!B18 -> 10 | F8: =IF(F7="","",IF(($C$8*12)+1>F7+1,F7+1,"")) -> 2 | G8: =IF(F8="","",N7) -> 74.633869 | H8: =IF(F8="","",H7) -> 0.99113053 | I8: =IF(F8="","",($C$7/12)*G8) -> 0.62194891 | J8: =IF(F8="","",J7+I8) -> 1.2469489 | K8: =IF(F8="","",H8-I8) -> 0.36918161 | L8: =IF(F8="","",L7+K8) -> 0.73531214 | N8: =IF(F8="","",G8-(K8+M8)) -> 74.264688 | R8: =IF(R7="","",RATE(F8,H8,-($G$7-$O$6*$G$7-$P$6),N8+$Q$6*N8)*12) -> 0.52758988 | U8: =IF(($D$8*12)+1>U7+1,U7+1,"") -> 2 | V8: =AB7 -> 19.871202 | W8: =W7 -> 0.21213103 | X8: =($D$7/12)*V8 -> 0.082796676 | Y8: =IF(U8="","",Y7+X8) -> 0.16613001 | Z8: =(1+$D$7/12)*Z7 -> 0.12933435 | AA8: =IF(U8="","",AA7+Z8) -> 0.25813205 | AB8: =V8-Z8 -> 19.741868 | AD8: =IF(AD7<$C$8,AD7+1,"") -> 2 | AE8: =IF(AD8="","",AE7) -> 0.1 | AF8: =IF(AD8="","",(-PV($C$7/12,($C$8*12)-AD8*12,$C$9))) -> 65.316977 | AG8: =IF(AD8="","",((1+(RATE(AD8*12,$C$9,-($C$6-$C$21*$C$6-$C$23),AF8+$C$24*AF8)))^12)-1) -> 0.15019547 | AH8: =IF(AH7<$D$8,AH7+1,"") -> 2 | AI8: =IF(AH8="","",AI7) -> 0.05 | AJ8: =IF(AH8="","",(-PV($D$7/12,($D$8*12)-AH8*12,$D$9))) -> 16.756111 | AK8: =IF(AH8="","",(((1+(RATE(AH8*12,$D$9,-($D$6-$D$21*$D$6-$D$23),AJ8+$D$24*AJ8)))^12)-1)) -> 0.051161898
B9: Monthly Payment | C9: =PMT(C7/12,C8*12,-C6) -> 0.99113053 | D9: =PMT(D7/12,D8*12,-D6) -> 0.21213103 | F9: =IF(F8="","",IF(($C$8*12)+1>F8+1,F8+1,"")) -> 3 | G9: =IF(F9="","",N8) -> 74.264688 | H9: =IF(F9="","",H8) -> 0.99113053 | I9: =IF(F9="","",($C$7/12)*G9) -> 0.6188724 | J9: =IF(F9="","",J8+I9) -> 1.8658213 | K9: =IF(F9="","",H9-I9) -> 0.37225813 | L9: =IF(F9="","",L8+K9) -> 1.1075703 | N9: =IF(F9="","",G9-(K9+M9)) -> 73.89243 | R9: =IF(R8="","",RATE(F9,H9,-($G$7-$O$6*$G$7-$P$6),N9+$Q$6*N9)*12) -> 0.38534069 | U9: =IF(U8="","",IF(($D$8*12)+1>U8+1,U8+1,"")) -> 3 | V9: =IF(U9="","",AB8) -> 19.741868 | W9: =IF(U9="","",W8) -> 0.21213103 | X9: =IF(U9="","",($D$7/12)*V9) -> 0.082257783 | Y9: =IF(U9="","",Y8+X9) -> 0.24838779 | Z9: =IF(U9="","",(1+$D$7/12)*Z8) -> 0.12987325 | AA9: =IF(U9="","",AA8+Z9) -> 0.3880053 | AB9: =IF(U9="","",V9-Z9) -> 19.611995 | AD9: =IF(AD8<$C$8,AD8+1,"") -> 3 | AE9: =IF(AD9="","",AE8) -> 0.1 | AF9: =IF(AD9="","",(-PV($C$7/12,($C$8*12)-AD9*12,$C$9))) -> 59.7024 | AG9: =IF(AD9="","",((1+(RATE(AD9*12,$C$9,-($C$6-$C$21*$C$6-$C$23),AF9+$C$24*AF9)))^12)-1) -> 0.13749504 | AH9: =IF(AH8<$D$8,AH8+1,"") -> 3 | AI9: =IF(AH9="","",AI8) -> 0.05 | AJ9: =IF(AH9="","",(-PV($D$7/12,($D$8*12)-AH9*12,$D$9))) -> 15.00866 | AK9: =IF(AH9="","",(((1+(RATE(AH9*12,$D$9,-($D$6-$D$21*$D$6-$D$23),AJ9+$D$24*AJ9)))^12)-1)) -> 0.051161898
B10: Annualized Payment | C10: =C9*12 -> 11.893566 | D10: =D9*12 -> 2.5455724 | F10: =IF(N9<0,"",IF(F9="","",IF(($C$8*12)+1>F9+1,F9+1,""))) -> 4 | G10: =IF(F10="","",N9) -> 73.89243 | H10: =IF(F10="","",H9) -> 0.99113053 | I10: =IF(F10="","",($C$7/12)*G10) -> 0.61577025 | J10: =IF(F10="","",J9+I10) -> 2.4815916 | K10: =IF(F10="","",H10-I10) -> 0.37536028 | L10: =IF(F10="","",L9+K10) -> 1.4829305 | N10: =IF(F10="","",G10-(K10+M10)) -> 73.517069 | R10: =IF(R9="","",RATE(F10,H10,-($G$7-$O$6*$G$7-$P$6),N10+$Q$6*N10)*12) -> 0.31483568 | U10: =IF(U9="","",IF(($D$8*12)+1>U9+1,U9+1,"")) -> 4 | V10: =IF(U10="","",AB9) -> 19.611995 | W10: =IF(U10="","",W9) -> 0.21213103 | X10: =IF(U10="","",($D$7/12)*V10) -> 0.081716645 | Y10: =IF(U10="","",Y9+X10) -> 0.33010444 | Z10: =IF(U10="","",(1+$D$7/12)*Z9) -> 0.13041439 | AA10: =IF(U10="","",AA9+Z10) -> 0.51841968 | AB10: =IF(U10="","",V10-Z10) -> 19.48158 | AD10: =IF(AD9<$C$8,AD9+1,"") -> 4 | AE10: =IF(AD10="","",AE9) -> 0.1 | AF10: =IF(AD10="","",(-PV($C$7/12,($C$8*12)-AD10*12,$C$9))) -> 53.499903 | AG10: =IF(AD10="","",((1+(RATE(AD10*12,$C$9,-($C$6-$C$21*$C$6-$C$23),AF10+$C$24*AF10)))^12)-1) -> 0.13141045 | AH10: =IF(AH9<$D$8,AH9+1,"") -> 4 | AI10: =IF(AH10="","",AI9) -> 0.05 | AJ10: =IF(AH10="","",(-PV($D$7/12,($D$8*12)-AH10*12,$D$9))) -> 13.171805 | AK10: =IF(AH10="","",(((1+(RATE(AH10*12,$D$9,-($D$6-$D$21*$D$6-$D$23),AJ10+$D$24*AJ10)))^12)-1)) -> 0.051161898
F11: =IF(N10<0,"",IF(F10="","",IF(($C$8*12)+1>F10+1,F10+1,""))) -> 5 | G11: =IF(F11="","",N10) -> 73.517069 | H11: =IF(F11="","",H10) -> 0.99113053 | I11: =IF(F11="","",($C$7/12)*G11) -> 0.61264225 | J11: =IF(F11="","",J10+I11) -> 3.0942338 | K11: =IF(F11="","",H11-I11) -> 0.37848828 | L11: =IF(F11="","",L10+K11) -> 1.8614188 | N11: =IF(F11="","",G11-(K11+M11)) -> 73.138581 | R11: =IF(R10="","",RATE(F11,H11,-($G$7-$O$6*$G$7-$P$6),N11+$Q$6*N11)*12) -> 0.27273506 | U11: =IF(U10="","",IF(($D$8*12)+1>U10+1,U10+1,"")) -> 5 | V11: =IF(U11="","",AB10) -> 19.48158 | W11: =IF(U11="","",W10) -> 0.21213103 | X11: =IF(U11="","",($D$7/12)*V11) -> 0.081173251 | Y11: =IF(U11="","",Y10+X11) -> 0.41127769 | Z11: =IF(U11="","",(1+$D$7/12)*Z10) -> 0.13095778 | AA11: =IF(U11="","",AA10+Z11) -> 0.64937746 | AB11: =IF(U11="","",V11-Z11) -> 19.350623 | AD11: =IF(AD10<$C$8,AD10+1,"") -> 5 | AE11: =IF(AD11="","",AE10) -> 0.1 | AF11: =IF(AD11="","",(-PV($C$7/12,($C$8*12)-AD11*12,$C$9))) -> 46.647924 | AG11: =IF(AD11="","",((1+(RATE(AD11*12,$C$9,-($C$6-$C$21*$C$6-$C$23),AF11+$C$24*AF11)))^12)-1) -> 0.12796965 | AH11: =IF(AH10<$D$8,AH10+1,"") -> 5 | AI11: =IF(AH11="","",AI10) -> 0.05 | AJ11: =IF(AH11="","",(-PV($D$7/12,($D$8*12)-AH11*12,$D$9))) -> 11.240973 | AK11: =IF(AH11="","",(((1+(RATE(AH11*12,$D$9,-($D$6-$D$21*$D$6-$D$23),AJ11+$D$24*AJ11)))^12)-1)) -> 0.051161898
B12: Month of interest | C12: 15 | D12: 108 | F12: =IF(N11<0,"",IF(F11="","",IF(($C$8*12)+1>F11+1,F11+1,""))) -> 6 | G12: =IF(F12="","",N11) -> 73.138581 | H12: =IF(F12="","",H11) -> 0.99113053 | I12: =IF(F12="","",($C$7/12)*G12) -> 0.60948818 | J12: =IF(F12="","",J11+I12) -> 3.703722 | K12: =IF(F12="","",H12-I12) -> 0.38164235 | L12: =IF(F12="","",L11+K12) -> 2.2430612 | N12: =IF(F12="","",G12-(K12+M12)) -> 72.756939 | R12: =IF(R11="","",RATE(F12,H12,-($G$7-$O$6*$G$7-$P$6),N12+$Q$6*N12)*12) -> 0.24475583 | U12: =IF(U11="","",IF(($D$8*12)+1>U11+1,U11+1,"")) -> 6 | V12: =IF(U12="","",AB11) -> 19.350623 | W12: =IF(U12="","",W11) -> 0.21213103 | X12: =IF(U12="","",($D$7/12)*V12) -> 0.080627594 | Y12: =IF(U12="","",Y11+X12) -> 0.49190528 | Z12: =IF(U12="","",(1+$D$7/12)*Z11) -> 0.13150344 | AA12: =IF(U12="","",AA11+Z12) -> 0.7808809 | AB12: =IF(U12="","",V12-Z12) -> 19.219119 | AD12: =IF(AD11<$C$8,AD11+1,"") -> 6 | AE12: =IF(AD12="","",AE11) -> 0.1 | AF12: =IF(AD12="","",(-PV($C$7/12,($C$8*12)-AD12*12,$C$9))) -> 39.078453 | AG12: =IF(AD12="","",((1+(RATE(AD12*12,$C$9,-($C$6-$C$21*$C$6-$C$23),AF12+$C$24*AF12)))^12)-1) -> 0.1258674 | AH12: =IF(AH11<$D$8,AH11+1,"") -> 6 | AI12: =IF(AH12="","",AI11) -> 0.05 | AJ12: =IF(AH12="","",(-PV($D$7/12,($D$8*12)-AH12*12,$D$9))) -> 9.2113564 | AK12: =IF(AH12="","",(((1+(RATE(AH12*12,$D$9,-($D$6-$D$21*$D$6-$D$23),AJ12+$D$24*AJ12)))^12)-1)) -> 0.051161898
B13: Loan Balance BOP | C13: =-PV(C7/12,(C8*12)-C12+1,C9) -> 69.587053 | D13: =-PV(D7/12,(D8*12)-D12+1,D9) -> 2.6789185 | F13: =IF(N12<0,"",IF(F12="","",IF(($C$8*12)+1>F12+1,F12+1,""))) -> 7 | G13: =IF(F13="","",N12) -> 72.756939 | H13: =IF(F13="","",H12) -> 0.99113053 | I13: =IF(F13="","",($C$7/12)*G13) -> 0.60630782 | J13: =IF(F13="","",J12+I13) -> 4.3100298 | K13: =IF(F13="","",H13-I13) -> 0.3848227 | L13: =IF(F13="","",L12+K13) -> 2.6278839 | N13: =IF(F13="","",G13-(K13+M13)) -> 72.372116 | R13: =IF(R12="","",RATE(F13,H13,-($G$7-$O$6*$G$7-$P$6),N13+$Q$6*N13)*12) -> 0.22481647 | U13: =IF(U12="","",IF(($D$8*12)+1>U12+1,U12+1,"")) -> 7 | V13: =IF(U13="","",AB12) -> 19.219119 | W13: =IF(U13="","",W12) -> 0.21213103 | X13: =IF(U13="","",($D$7/12)*V13) -> 0.080079663 | Y13: =IF(U13="","",Y12+X13) -> 0.57198495 | Z13: =IF(U13="","",(1+$D$7/12)*Z12) -> 0.13205137 | AA13: =IF(U13="","",AA12+Z13) -> 0.91293227 | AB13: =IF(U13="","",V13-Z13) -> 19.087068 | AD13: =IF(AD12<$C$8,AD12+1,"") -> 7 | AE13: =IF(AD13="","",AE12) -> 0.1 | AF13: =IF(AD13="","",(-PV($C$7/12,($C$8*12)-AD13*12,$C$9))) -> 30.71636 | AG13: =IF(AD13="","",((1+(RATE(AD13*12,$C$9,-($C$6-$C$21*$C$6-$C$23),AF13+$C$24*AF13)))^12)-1) -> 0.124552 | AH13: =IF(AH12<$D$8,AH12+1,"") -> 7 | AI13: =IF(AH13="","",AI12) -> 0.05 | AJ13: =IF(AH13="","",(-PV($D$7/12,($D$8*12)-AH13*12,$D$9))) -> 7.0779006 | AK13: =IF(AH13="","",(((1+(RATE(AH13*12,$D$9,-($D$6-$D$21*$D$6-$D$23),AJ13+$D$24*AJ13)))^12)-1)) -> 0.051161898
B14: Interest Payment | C14: =C13*(C7/12) -> 0.57989211 | D14: =D13*(D7/12) -> 0.011162161 | F14: =IF(N13<0,"",IF(F13="","",IF(($C$8*12)+1>F13+1,F13+1,""))) -> 8 | G14: =IF(F14="","",N13) -> 72.372116 | H14: =IF(F14="","",H13) -> 0.99113053 | I14: =IF(F14="","",($C$7/12)*G14) -> 0.60310097 | J14: =IF(F14="","",J13+I14) -> 4.9131308 | K14: =IF(F14="","",H14-I14) -> 0.38802956 | L14: =IF(F14="","",L13+K14) -> 3.0159134 | N14: =IF(F14="","",G14-(K14+M14)) -> 71.984087 | R14: =IF(R13="","",RATE(F14,H14,-($G$7-$O$6*$G$7-$P$6),N14+$Q$6*N14)*12) -> 0.20988917 | U14: =IF(U13="","",IF(($D$8*12)+1>U13+1,U13+1,"")) -> 8 | V14: =IF(U14="","",AB13) -> 19.087068 | W14: =IF(U14="","",W13) -> 0.21213103 | X14: =IF(U14="","",($D$7/12)*V14) -> 0.079529449 | Y14: =IF(U14="","",Y13+X14) -> 0.65151439 | Z14: =IF(U14="","",(1+$D$7/12)*Z13) -> 0.13260158 | AA14: =IF(U14="","",AA13+Z14) -> 1.0455338 | AB14: =IF(U14="","",V14-Z14) -> 18.954466 | AD14: =IF(AD13<$C$8,AD13+1,"") -> 8 | AE14: =IF(AD14="","",AE13) -> 0.1 | AF14: =IF(AD14="","",(-PV($C$7/12,($C$8*12)-AD14*12,$C$9))) -> 21.478646 | AG14: =IF(AD14="","",((1+(RATE(AD14*12,$C$9,-($C$6-$C$21*$C$6-$C$23),AF14+$C$24*AF14)))^12)-1) -> 0.12375311 | AH14: =IF(AH13<$D$8,AH13+1,"") -> 8 | AI14: =IF(AH14="","",AI13) -> 0.05 | AJ14: =IF(AH14="","",(-PV($D$7/12,($D$8*12)-AH14*12,$D$9))) -> 4.8352932 | AK14: =IF(AH14="","",(((1+(RATE(AH14*12,$D$9,-($D$6-$D$21*$D$6-$D$23),AJ14+$D$24*AJ14)))^12)-1)) -> 0.051161898
B15: Principal Reduction | C15: =C9-C14 -> 0.41123842 | D15: =D9-D14 -> 0.20096887 | F15: =IF(N14<0,"",IF(F14="","",IF(($C$8*12)+1>F14+1,F14+1,""))) -> 9 | G15: =IF(F15="","",N14) -> 71.984087 | H15: =IF(F15="","",H14) -> 0.99113053 | I15: =IF(F15="","",($C$7/12)*G15) -> 0.59986739 | J15: =IF(F15="","",J14+I15) -> 5.5129982 | K15: =IF(F15="","",H15-I15) -> 0.39126314 | L15: =IF(F15="","",L14+K15) -> 3.4071766 | N15: =IF(F15="","",G15-(K15+M15)) -> 71.592823 | R15: =IF(R14="","",RATE(F15,H15,-($G$7-$O$6*$G$7-$P$6),N15+$Q$6*N15)*12) -> 0.19829693 | U15: =IF(U14="","",IF(($D$8*12)+1>U14+1,U14+1,"")) -> 9 | V15: =IF(U15="","",AB14) -> 18.954466 | W15: =IF(U15="","",W14) -> 0.21213103 | X15: =IF(U15="","",($D$7/12)*V15) -> 0.078976942 | Y15: =IF(U15="","",Y14+X15) -> 0.73049134 | Z15: =IF(U15="","",(1+$D$7/12)*Z14) -> 0.13315409 | AA15: =IF(U15="","",AA14+Z15) -> 1.1786879 | AB15: =IF(U15="","",V15-Z15) -> 18.821312 | AD15: =IF(AD14<$C$8,AD14+1,"") -> 9 | AE15: =IF(AD15="","",AE14) -> 0.1 | AF15: =IF(AD15="","",(-PV($C$7/12,($C$8*12)-AD15*12,$C$9))) -> 11.273623 | AG15: =IF(AD15="","",((1+(RATE(AD15*12,$C$9,-($C$6-$C$21*$C$6-$C$23),AF15+$C$24*AF15)))^12)-1) -> 0.1233257 | AH15: =IF(AH14<$D$8,AH14+1,"") -> 9 | AI15: =IF(AH15="","",AI14) -> 0.05 | AJ15: =IF(AH15="","",(-PV($D$7/12,($D$8*12)-AH15*12,$D$9))) -> 2.4779497 | AK15: =IF(AH15="","",(((1+(RATE(AH15*12,$D$9,-($D$6-$D$21*$D$6-$D$23),AJ15+$D$24*AJ15)))^12)-1)) -> 0.051161898
B16: Loan Balance EOP | C16: =C13-C15 -> 69.175815 | D16: =D13-D15 -> 2.4779497 | F16: =IF(N15<0,"",IF(F15="","",IF(($C$8*12)+1>F15+1,F15+1,""))) -> 10 | G16: =IF(F16="","",N15) -> 71.592823 | H16: =IF(F16="","",H15) -> 0.99113053 | I16: =IF(F16="","",($C$7/12)*G16) -> 0.59660686 | J16: =IF(F16="","",J15+I16) -> 6.109605 | K16: =IF(F16="","",H16-I16) -> 0.39452366 | L16: =IF(F16="","",L15+K16) -> 3.8017002 | N16: =IF(F16="","",G16-(K16+M16)) -> 71.1983 | R16: =IF(R15="","",RATE(F16,H16,-($G$7-$O$6*$G$7-$P$6),N16+$Q$6*N16)*12) -> 0.18903587 | U16: =IF(U15="","",IF(($D$8*12)+1>U15+1,U15+1,"")) -> 10 | V16: =IF(U16="","",AB15) -> 18.821312 | W16: =IF(U16="","",W15) -> 0.21213103 | X16: =IF(U16="","",($D$7/12)*V16) -> 0.078422134 | Y16: =IF(U16="","",Y15+X16) -> 0.80891347 | Z16: =IF(U16="","",(1+$D$7/12)*Z15) -> 0.1337089 | AA16: =IF(U16="","",AA15+Z16) -> 1.3123968 | AB16: =IF(U16="","",V16-Z16) -> 18.687603 | AD16: =IF(AD15<$C$8,AD15+1,"") -> 10 | AE16: =IF(AD16="","",AE15) -> 0.1 | AF16: =IF(AD16="","",(-PV($C$7/12,($C$8*12)-AD16*12,$C$9))) -> 0 | AG16: =IF(AD16="","",((1+(RATE(AD16*12,$C$9,-($C$6-$C$21*$C$6-$C$23),AF16+$C$24*AF16)))^12)-1) -> 0.12318819 | AH16: =IF(AH15<$D$8,AH15+1,"") -> 10 | AI16: =IF(AH16="","",AI15) -> 0.05 | AJ16: =IF(AH16="","",(-PV($D$7/12,($D$8*12)-AH16*12,$D$9))) -> 0 | AK16: =IF(AH16="","",(((1+(RATE(AH16*12,$D$9,-($D$6-$D$21*$D$6-$D$23),AJ16+$D$24*AJ16)))^12)-1)) -> 0.051161898
F17: =IF(N16<0,"",IF(F16="","",IF(($C$8*12)+1>F16+1,F16+1,""))) -> 11 | G17: =IF(F17="","",N16) -> 71.1983 | H17: =IF(F17="","",H16) -> 0.99113053 | I17: =IF(F17="","",($C$7/12)*G17) -> 0.59331916 | J17: =IF(F17="","",J16+I17) -> 6.7029242 | K17: =IF(F17="","",H17-I17) -> 0.39781136 | L17: =IF(F17="","",L16+K17) -> 4.1995116 | N17: =IF(F17="","",G17-(K17+M17)) -> 70.800488 | R17: =IF(R16="","",RATE(F17,H17,-($G$7-$O$6*$G$7-$P$6),N17+$Q$6*N17)*12) -> 0.18146827 | U17: =IF(U16="","",IF(($D$8*12)+1>U16+1,U16+1,"")) -> 11 | V17: =IF(U17="","",AB16) -> 18.687603 | W17: =IF(U17="","",W16) -> 0.21213103 | X17: =IF(U17="","",($D$7/12)*V17) -> 0.077865013 | Y17: =IF(U17="","",Y16+X17) -> 0.88677848 | Z17: =IF(U17="","",(1+$D$7/12)*Z16) -> 0.13426602 | AA17: =IF(U17="","",AA16+Z17) -> 1.4466629 | AB17: =IF(U17="","",V17-Z17) -> 18.553337 | AD17: =IF(AD16<$C$8,AD16+1,"") | AE17: =IF(AD17="","",AE16) | AF17: =IF(AD17="","",(-PV($C$7/12,($C$8*12)-AD17*12,$C$9))) | AG17: =IF(AD17="","",((1+(RATE(AD17*12,$C$9,-($C$6-$C$21*$C$6-$C$23),AF17+$C$24*AF17)))^12)-1) | AH17: =IF(AH16<$D$8,AH16+1,"") | AI17: =IF(AH17="","",AI16) | AJ17: =IF(AH17="","",(-PV($D$7/12,($D$8*12)-AH17*12,$D$9))) | AK17: =IF(AH17="","",(((1+(RATE(AH17*12,$D$9,-($D$6-$D$21*$D$6-$D$23),AJ17+$D$24*AJ17)))^12)-1))
B18: Total Principal Paid to month | C18: =C6-FV(C7/12,C12,C9,-C6) -> 5.8241854 | D18: =D6-FV(D7/12,D12,D9,-D6) -> 17.52205 | F18: =IF(N17<0,"",IF(F17="","",IF(($C$8*12)+1>F17+1,F17+1,""))) -> 12 | G18: =IF(F18="","",N17) -> 70.800488 | H18: =IF(F18="","",H17) -> 0.99113053 | I18: =IF(F18="","",($C$7/12)*G18) -> 0.59000407 | J18: =IF(F18="","",J17+I18) -> 7.2929283 | K18: =IF(F18="","",H18-I18) -> 0.40112646 | L18: =IF(F18="","",L17+K18) -> 4.6006381 | N18: =IF(F18="","",G18-(K18+M18)) -> 70.399362 | R18: =IF(R17="","",RATE(F18,H18,-($G$7-$O$6*$G$7-$P$6),N18+$Q$6*N18)*12) -> 0.17516959 | U18: =IF(U17="","",IF(($D$8*12)+1>U17+1,U17+1,"")) -> 12 | V18: =IF(U18="","",AB17) -> 18.553337 | W18: =IF(U18="","",W17) -> 0.21213103 | X18: =IF(U18="","",($D$7/12)*V18) -> 0.077305571 | Y18: =IF(U18="","",Y17+X18) -> 0.96408405 | Z18: =IF(U18="","",(1+$D$7/12)*Z17) -> 0.13482546 | AA18: =IF(U18="","",AA17+Z18) -> 1.5814883 | AB18: =IF(U18="","",V18-Z18) -> 18.418512 | AD18: =IF(AD17<$C$8,AD17+1,"") | AE18: =IF(AD18="","",AE17) | AF18: =IF(AD18="","",(-PV($C$7/12,($C$8*12)-AD18*12,$C$9))) | AG18: =IF(AD18="","",((1+(RATE(AD18*12,$C$9,-($C$6-$C$21*$C$6-$C$23),AF18+$C$24*AF18)))^12)-1) | AH18: =IF(AH17<$D$8,AH17+1,"") | AI18: =IF(AH18="","",AI17) | AJ18: =IF(AH18="","",(-PV($D$7/12,($D$8*12)-AH18*12,$D$9))) | AK18: =IF(AH18="","",(((1+(RATE(AH18*12,$D$9,-($D$6-$D$21*$D$6-$D$23),AJ18+$D$24*AJ18)))^12)-1))
B19: Total Interest Paid to month | C19: =(C9*C12)-C18 -> 9.0427725 | D19: =(D9*D12)-D18 -> 5.388101 | F19: =IF(N18<0,"",IF(F18="","",IF(($C$8*12)+1>F18+1,F18+1,""))) -> 13 | G19: =IF(F19="","",N18) -> 70.399362 | H19: =IF(F19="","",H18) -> 0.99113053 | I19: =IF(F19="","",($C$7/12)*G19) -> 0.58666135 | J19: =IF(F19="","",J18+I19) -> 7.8795896 | K19: =IF(F19="","",H19-I19) -> 0.40446918 | L19: =IF(F19="","",L18+K19) -> 5.0051072 | N19: =IF(F19="","",G19-(K19+M19)) -> 69.994893 | R19: =IF(R18="","",RATE(F19,H19,-($G$7-$O$6*$G$7-$P$6),N19+$Q$6*N19)*12) -> 0.16984627 | U19: =IF(U18="","",IF(($D$8*12)+1>U18+1,U18+1,"")) -> 13 | V19: =IF(U19="","",AB18) -> 18.418512 | W19: =IF(U19="","",W18) -> 0.21213103 | X19: =IF(U19="","",($D$7/12)*V19) -> 0.076743799 | Y19: =IF(U19="","",Y18+X19) -> 1.0408279 | Z19: =IF(U19="","",(1+$D$7/12)*Z18) -> 0.13538723 | AA19: =IF(U19="","",AA18+Z19) -> 1.7168755 | AB19: =IF(U19="","",V19-Z19) -> 18.283124 | AD19: =IF(AD18<$C$8,AD18+1,"") | AE19: =IF(AD19="","",AE18) | AF19: =IF(AD19="","",(-PV($C$7/12,($C$8*12)-AD19*12,$C$9))) | AG19: =IF(AD19="","",((1+(RATE(AD19*12,$C$9,-($C$6-$C$21*$C$6-$C$23),AF19+$C$24*AF19)))^12)-1) | AH19: =IF(AH18<$D$8,AH18+1,"") | AI19: =IF(AH19="","",AI18) | AJ19: =IF(AH19="","",(-PV($D$7/12,($D$8*12)-AH19*12,$D$9))) | AK19: =IF(AH19="","",(((1+(RATE(AH19*12,$D$9,-($D$6-$D$21*$D$6-$D$23),AJ19+$D$24*AJ19)))^12)-1))
F20: =IF(N19<0,"",IF(F19="","",IF(($C$8*12)+1>F19+1,F19+1,""))) -> 14 | G20: =IF(F20="","",N19) -> 69.994893 | H20: =IF(F20="","",H19) -> 0.99113053 | I20: =IF(F20="","",($C$7/12)*G20) -> 0.58329077 | J20: =IF(F20="","",J19+I20) -> 8.4628804 | K20: =IF(F20="","",H20-I20) -> 0.40783975 | L20: =IF(F20="","",L19+K20) -> 5.412947 | N20: =IF(F20="","",G20-(K20+M20)) -> 69.587053 | R20: =IF(R19="","",RATE(F20,H20,-($G$7-$O$6*$G$7-$P$6),N20+$Q$6*N20)*12) -> 0.16528884 | U20: =IF(U19="","",IF(($D$8*12)+1>U19+1,U19+1,"")) -> 14 | V20: =IF(U20="","",AB19) -> 18.283124 | W20: =IF(U20="","",W19) -> 0.21213103 | X20: =IF(U20="","",($D$7/12)*V20) -> 0.076179685 | Y20: =IF(U20="","",Y19+X20) -> 1.1170075 | Z20: =IF(U20="","",(1+$D$7/12)*Z19) -> 0.13595135 | AA20: =IF(U20="","",AA19+Z20) -> 1.8528269 | AB20: =IF(U20="","",V20-Z20) -> 18.147173 | AD20: =IF(AD19<$C$8,AD19+1,"") | AE20: =IF(AD20="","",AE19) | AF20: =IF(AD20="","",(-PV($C$7/12,($C$8*12)-AD20*12,$C$9))) | AG20: =IF(AD20="","",((1+(RATE(AD20*12,$C$9,-($C$6-$C$21*$C$6-$C$23),AF20+$C$24*AF20)))^12)-1) | AH20: =IF(AH19<$D$8,AH19+1,"") | AI20: =IF(AH20="","",AI19) | AJ20: =IF(AH20="","",(-PV($D$7/12,($D$8*12)-AH20*12,$D$9))) | AK20: =IF(AH20="","",(((1+(RATE(AH20*12,$D$9,-($D$6-$D$21*$D$6-$D$23),AJ20+$D$24*AJ20)))^12)-1))
B21: Points % | C21: =C22/C6 -> 0.066666667 | D21: 0 | F21: =IF(N20<0,"",IF(F20="","",IF(($C$8*12)+1>F20+1,F20+1,""))) -> 15 | G21: =IF(F21="","",N20) -> 69.587053 | H21: =IF(F21="","",H20) -> 0.99113053 | I21: =IF(F21="","",($C$7/12)*G21) -> 0.57989211 | J21: =IF(F21="","",J20+I21) -> 9.0427725 | K21: =IF(F21="","",H21-I21) -> 0.41123842 | L21: =IF(F21="","",L20+K21) -> 5.8241854 | N21: =IF(F21="","",G21-(K21+M21)) -> 69.175815 | R21: =IF(R20="","",RATE(F21,H21,-($G$7-$O$6*$G$7-$P$6),N21+$Q$6*N21)*12) -> 0.16134379 | U21: =IF(U20="","",IF(($D$8*12)+1>U20+1,U20+1,"")) -> 15 | V21: =IF(U21="","",AB20) -> 18.147173 | W21: =IF(U21="","",W20) -> 0.21213103 | X21: =IF(U21="","",($D$7/12)*V21) -> 0.075613221 | Y21: =IF(U21="","",Y20+X21) -> 1.1926208 | Z21: =IF(U21="","",(1+$D$7/12)*Z20) -> 0.13651781 | AA21: =IF(U21="","",AA20+Z21) -> 1.9893447 | AB21: =IF(U21="","",V21-Z21) -> 18.010655 | AD21: =IF(AD20<$C$8,AD20+1,"") | AE21: =IF(AD21="","",AE20) | AF21: =IF(AD21="","",(-PV($C$7/12,($C$8*12)-AD21*12,$C$9))) | AG21: =IF(AD21="","",((1+(RATE(AD21*12,$C$9,-($C$6-$C$21*$C$6-$C$23),AF21+$C$24*AF21)))^12)-1) | AH21: =IF(AH20<$D$8,AH20+1,"") | AI21: =IF(AH21="","",AI20) | AJ21: =IF(AH21="","",(-PV($D$7/12,($D$8*12)-AH21*12,$D$9))) | AK21: =IF(AH21="","",(((1+(RATE(AH21*12,$D$9,-($D$6-$D$21*$D$6-$D$23),AJ21+$D$24*AJ21)))^12)-1))
B22: Points | C22: =Agency!B9 -> 5 | D22: 0 | F22: =IF(N21<0,"",IF(F21="","",IF(($C$8*12)+1>F21+1,F21+1,""))) -> 16 | G22: =IF(F22="","",N21) -> 69.175815 | H22: =IF(F22="","",H21) -> 0.99113053 | I22: =IF(F22="","",($C$7/12)*G22) -> 0.57646512 | J22: =IF(F22="","",J21+I22) -> 9.6192376 | K22: =IF(F22="","",H22-I22) -> 0.41466541 | L22: =IF(F22="","",L21+K22) -> 6.2388508 | N22: =IF(F22="","",G22-(K22+M22)) -> 68.761149 | R22: =IF(R21="","",RATE(F22,H22,-($G$7-$O$6*$G$7-$P$6),N22+$Q$6*N22)*12) -> 0.1578961 | U22: =IF(U21="","",IF(($D$8*12)+1>U21+1,U21+1,"")) -> 16 | V22: =IF(U22="","",AB21) -> 18.010655 | W22: =IF(U22="","",W21) -> 0.21213103 | X22: =IF(U22="","",($D$7/12)*V22) -> 0.075044397 | Y22: =IF(U22="","",Y21+X22) -> 1.2676652 | Z22: =IF(U22="","",(1+$D$7/12)*Z21) -> 0.13708663 | AA22: =IF(U22="","",AA21+Z22) -> 2.1264313 | AB22: =IF(U22="","",V22-Z22) -> 17.873569 | AD22: =IF(AD21<$C$8,AD21+1,"") | AE22: =IF(AD22="","",AE21) | AF22: =IF(AD22="","",(-PV($C$7/12,($C$8*12)-AD22*12,$C$9))) | AG22: =IF(AD22="","",((1+(RATE(AD22*12,$C$9,-($C$6-$C$21*$C$6-$C$23),AF22+$C$24*AF22)))^12)-1) | AH22: =IF(AH21<$D$8,AH21+1,"") | AI22: =IF(AH22="","",AI21) | AJ22: =IF(AH22="","",(-PV($D$7/12,($D$8*12)-AH22*12,$D$9))) | AK22: =IF(AH22="","",(((1+(RATE(AH22*12,$D$9,-($D$6-$D$21*$D$6-$D$23),AJ22+$D$24*AJ22)))^12)-1))
B23: Bank Charges | C23: 0 | D23: 0 | F23: =IF(N22<0,"",IF(F22="","",IF(($C$8*12)+1>F22+1,F22+1,""))) -> 17 | G23: =IF(F23="","",N22) -> 68.761149 | H23: =IF(F23="","",H22) -> 0.99113053 | I23: =IF(F23="","",($C$7/12)*G23) -> 0.57300958 | J23: =IF(F23="","",J22+I23) -> 10.192247 | K23: =IF(F23="","",H23-I23) -> 0.41812095 | L23: =IF(F23="","",L22+K23) -> 6.6569718 | N23: =IF(F23="","",G23-(K23+M23)) -> 68.343028 | R23: =IF(R22="","",RATE(F23,H23,-($G$7-$O$6*$G$7-$P$6),N23+$Q$6*N23)*12) -> 0.15485784 | U23: =IF(U22="","",IF(($D$8*12)+1>U22+1,U22+1,"")) -> 17 | V23: =IF(U23="","",AB22) -> 17.873569 | W23: =IF(U23="","",W22) -> 0.21213103 | X23: =IF(U23="","",($D$7/12)*V23) -> 0.074473203 | Y23: =IF(U23="","",Y22+X23) -> 1.3421384 | Z23: =IF(U23="","",(1+$D$7/12)*Z22) -> 0.13765783 | AA23: =IF(U23="","",AA22+Z23) -> 2.2640892 | AB23: =IF(U23="","",V23-Z23) -> 17.735911 | AD23: =IF(AD22<$C$8,AD22+1,"") | AE23: =IF(AD23="","",AE22) | AF23: =IF(AD23="","",(-PV($C$7/12,($C$8*12)-AD23*12,$C$9))) | AG23: =IF(AD23="","",((1+(RATE(AD23*12,$C$9,-($C$6-$C$21*$C$6-$C$23),AF23+$C$24*AF23)))^12)-1) | AH23: =IF(AH22<$D$8,AH22+1,"") | AI23: =IF(AH23="","",AI22) | AJ23: =IF(AH23="","",(-PV($D$7/12,($D$8*12)-AH23*12,$D$9))) | AK23: =IF(AH23="","",(((1+(RATE(AH23*12,$D$9,-($D$6-$D$21*$D$6-$D$23),AJ23+$D$24*AJ23)))^12)-1))
B24: Prepayment penalties% | C24: 0 | D24: 0 | F24: =IF(N23<0,"",IF(F23="","",IF(($C$8*12)+1>F23+1,F23+1,""))) -> 18 | G24: =IF(F24="","",N23) -> 68.343028 | H24: =IF(F24="","",H23) -> 0.99113053 | I24: =IF(F24="","",($C$7/12)*G24) -> 0.56952524 | J24: =IF(F24="","",J23+I24) -> 10.761772 | K24: =IF(F24="","",H24-I24) -> 0.42160529 | L24: =IF(F24="","",L23+K24) -> 7.0785771 | N24: =IF(F24="","",G24-(K24+M24)) -> 67.921423 | R24: =IF(R23="","",RATE(F24,H24,-($G$7-$O$6*$G$7-$P$6),N24+$Q$6*N24)*12) -> 0.15216068 | U24: =IF(U23="","",IF(($D$8*12)+1>U23+1,U23+1,"")) -> 18 | V24: =IF(U24="","",AB23) -> 17.735911 | W24: =IF(U24="","",W23) -> 0.21213103 | X24: =IF(U24="","",($D$7/12)*V24) -> 0.073899629 | Y24: =IF(U24="","",Y23+X24) -> 1.416038 | Z24: =IF(U24="","",(1+$D$7/12)*Z23) -> 0.1382314 | AA24: =IF(U24="","",AA23+Z24) -> 2.4023206 | AB24: =IF(U24="","",V24-Z24) -> 17.597679 | AD24: =IF(AD23<$C$8,AD23+1,"") | AE24: =IF(AD24="","",AE23) | AF24: =IF(AD24="","",(-PV($C$7/12,($C$8*12)-AD24*12,$C$9))) | AG24: =IF(AD24="","",((1+(RATE(AD24*12,$C$9,-($C$6-$C$21*$C$6-$C$23),AF24+$C$24*AF24)))^12)-1) | AH24: =IF(AH23<$D$8,AH23+1,"") | AI24: =IF(AH24="","",AI23) | AJ24: =IF(AH24="","",(-PV($D$7/12,($D$8*12)-AH24*12,$D$9))) | AK24: =IF(AH24="","",(((1+(RATE(AH24*12,$D$9,-($D$6-$D$21*$D$6-$D$23),AJ24+$D$24*AJ24)))^12)-1))
B25: Penalty Fee$ | C25: =C16*C24 -> 0 | D25: =D16*D24 -> 0 | F25: =IF(N24<0,"",IF(F24="","",IF(($C$8*12)+1>F24+1,F24+1,""))) -> 19 | G25: =IF(F25="","",N24) -> 67.921423 | H25: =IF(F25="","",H24) -> 0.99113053 | I25: =IF(F25="","",($C$7/12)*G25) -> 0.56601186 | J25: =IF(F25="","",J24+I25) -> 11.327784 | K25: =IF(F25="","",H25-I25) -> 0.42511867 | L25: =IF(F25="","",L24+K25) -> 7.5036957 | N25: =IF(F25="","",G25-(K25+M25)) -> 67.496304 | R25: =IF(R24="","",RATE(F25,H25,-($G$7-$O$6*$G$7-$P$6),N25+$Q$6*N25)*12) -> 0.14975069 | U25: =IF(U24="","",IF(($D$8*12)+1>U24+1,U24+1,"")) -> 19 | V25: =IF(U25="","",AB24) -> 17.597679 | W25: =IF(U25="","",W24) -> 0.21213103 | X25: =IF(U25="","",($D$7/12)*V25) -> 0.073323664 | Y25: =IF(U25="","",Y24+X25) -> 1.4893617 | Z25: =IF(U25="","",(1+$D$7/12)*Z24) -> 0.13880737 | AA25: =IF(U25="","",AA24+Z25) -> 2.5411279 | AB25: =IF(U25="","",V25-Z25) -> 17.458872 | AD25: =IF(AD24<$C$8,AD24+1,"") | AE25: =IF(AD25="","",AE24) | AF25: =IF(AD25="","",(-PV($C$7/12,($C$8*12)-AD25*12,$C$9))) | AG25: =IF(AD25="","",((1+(RATE(AD25*12,$C$9,-($C$6-$C$21*$C$6-$C$23),AF25+$C$24*AF25)))^12)-1) | AH25: =IF(AH24<$D$8,AH24+1,"") | AI25: =IF(AH25="","",AI24) | AJ25: =IF(AH25="","",(-PV($D$7/12,($D$8*12)-AH25*12,$D$9))) | AK25: =IF(AH25="","",(((1+(RATE(AH25*12,$D$9,-($D$6-$D$21*$D$6-$D$23),AJ25+$D$24*AJ25)))^12)-1))
F26: =IF(N25<0,"",IF(F25="","",IF(($C$8*12)+1>F25+1,F25+1,""))) -> 20 | G26: =IF(F26="","",N25) -> 67.496304 | H26: =IF(F26="","",H25) -> 0.99113053 | I26: =IF(F26="","",($C$7/12)*G26) -> 0.5624692 | J26: =IF(F26="","",J25+I26) -> 11.890253 | K26: =IF(F26="","",H26-I26) -> 0.42866132 | L26: =IF(F26="","",L25+K26) -> 7.9323571 | N26: =IF(F26="","",G26-(K26+M26)) -> 67.067643 | R26: =IF(R25="","",RATE(F26,H26,-($G$7-$O$6*$G$7-$P$6),N26+$Q$6*N26)*12) -> 0.14758475 | U26: =IF(U25="","",IF(($D$8*12)+1>U25+1,U25+1,"")) -> 20 | V26: =IF(U26="","",AB25) -> 17.458872 | W26: =IF(U26="","",W25) -> 0.21213103 | X26: =IF(U26="","",($D$7/12)*V26) -> 0.0727453 | Y26: =IF(U26="","",Y25+X26) -> 1.562107 | Z26: =IF(U26="","",(1+$D$7/12)*Z25) -> 0.13938573 | AA26: =IF(U26="","",AA25+Z26) -> 2.6805137 | AB26: =IF(U26="","",V26-Z26) -> 17.319486 | AD26: =IF(AD25<$C$8,AD25+1,"") | AE26: =IF(AD26="","",AE25) | AF26: =IF(AD26="","",(-PV($C$7/12,($C$8*12)-AD26*12,$C$9))) | AG26: =IF(AD26="","",((1+(RATE(AD26*12,$C$9,-($C$6-$C$21*$C$6-$C$23),AF26+$C$24*AF26)))^12)-1) | AH26: =IF(AH25<$D$8,AH25+1,"") | AI26: =IF(AH26="","",AI25) | AJ26: =IF(AH26="","",(-PV($D$7/12,($D$8*12)-AH26*12,$D$9))) | AK26: =IF(AH26="","",(((1+(RATE(AH26*12,$D$9,-($D$6-$D$21*$D$6-$D$23),AJ26+$D$24*AJ26)))^12)-1))
F27: =IF(N26<0,"",IF(F26="","",IF(($C$8*12)+1>F26+1,F26+1,""))) -> 21 | G27: =IF(F27="","",N26) -> 67.067643 | H27: =IF(F27="","",H26) -> 0.99113053 | I27: =IF(F27="","",($C$7/12)*G27) -> 0.55889702 | J27: =IF(F27="","",J26+I27) -> 12.449151 | K27: =IF(F27="","",H27-I27) -> 0.4322335 | L27: =IF(F27="","",L26+K27) -> 8.3645906 | N27: =IF(F27="","",G27-(K27+M27)) -> 66.635409 | R27: =IF(R26="","",RATE(F27,H27,-($G$7-$O$6*$G$7-$P$6),N27+$Q$6*N27)*12) -> 0.14562796 | U27: =IF(U26="","",IF(($D$8*12)+1>U26+1,U26+1,"")) -> 21 | V27: =IF(U27="","",AB26) -> 17.319486 | W27: =IF(U27="","",W26) -> 0.21213103 | X27: =IF(U27="","",($D$7/12)*V27) -> 0.072164526 | Y27: =IF(U27="","",Y26+X27) -> 1.6342715 | Z27: =IF(U27="","",(1+$D$7/12)*Z26) -> 0.1399665 | AA27: =IF(U27="","",AA26+Z27) -> 2.8204802 | AB27: =IF(U27="","",V27-Z27) -> 17.17952 | AD27: =IF(AD26<$C$8,AD26+1,"") | AE27: =IF(AD27="","",AE26) | AF27: =IF(AD27="","",(-PV($C$7/12,($C$8*12)-AD27*12,$C$9))) | AG27: =IF(AD27="","",((1+(RATE(AD27*12,$C$9,-($C$6-$C$21*$C$6-$C$23),AF27+$C$24*AF27)))^12)-1) | AH27: =IF(AH26<$D$8,AH26+1,"") | AI27: =IF(AH27="","",AI26) | AJ27: =IF(AH27="","",(-PV($D$7/12,($D$8*12)-AH27*12,$D$9))) | AK27: =IF(AH27="","",(((1+(RATE(AH27*12,$D$9,-($D$6-$D$21*$D$6-$D$23),AJ27+$D$24*AJ27)))^12)-1))
F28: =IF(N27<0,"",IF(F27="","",IF(($C$8*12)+1>F27+1,F27+1,""))) -> 22 | G28: =IF(F28="","",N27) -> 66.635409 | H28: =IF(F28="","",H27) -> 0.99113053 | I28: =IF(F28="","",($C$7/12)*G28) -> 0.55529508 | J28: =IF(F28="","",J27+I28) -> 13.004446 | K28: =IF(F28="","",H28-I28) -> 0.43583545 | L28: =IF(F28="","",L27+K28) -> 8.800426 | N28: =IF(F28="","",G28-(K28+M28)) -> 66.199574 | R28: =IF(R27="","",RATE(F28,H28,-($G$7-$O$6*$G$7-$P$6),N28+$Q$6*N28)*12) -> 0.14385179 | U28: =IF(U27="","",IF(($D$8*12)+1>U27+1,U27+1,"")) -> 22 | V28: =IF(U28="","",AB27) -> 17.17952 | W28: =IF(U28="","",W27) -> 0.21213103 | X28: =IF(U28="","",($D$7/12)*V28) -> 0.071581333 | Y28: =IF(U28="","",Y27+X28) -> 1.7058528 | Z28: =IF(U28="","",(1+$D$7/12)*Z27) -> 0.1405497 | AA28: =IF(U28="","",AA27+Z28) -> 2.9610299 | AB28: =IF(U28="","",V28-Z28) -> 17.03897 | AD28: =IF(AD27<$C$8,AD27+1,"") | AE28: =IF(AD28="","",AE27) | AF28: =IF(AD28="","",(-PV($C$7/12,($C$8*12)-AD28*12,$C$9))) | AG28: =IF(AD28="","",((1+(RATE(AD28*12,$C$9,-($C$6-$C$21*$C$6-$C$23),AF28+$C$24*AF28)))^12)-1) | AH28: =IF(AH27<$D$8,AH27+1,"") | AI28: =IF(AH28="","",AI27) | AJ28: =IF(AH28="","",(-PV($D$7/12,($D$8*12)-AH28*12,$D$9))) | AK28: =IF(AH28="","",(((1+(RATE(AH28*12,$D$9,-($D$6-$D$21*$D$6-$D$23),AJ28+$D$24*AJ28)))^12)-1))
B29: APR | C29: =RATE(C12,C9,-(C6-C21*C6-C23),C16+C24*C16)*12 -> 0.16134379 | D29: =RATE(D12,D9,-(D6-D21*D6-D23),D16+D24*D16)*12 -> 0.05 | F29: =IF(N28<0,"",IF(F28="","",IF(($C$8*12)+1>F28+1,F28+1,""))) -> 23 | G29: =IF(F29="","",N28) -> 66.199574 | H29: =IF(F29="","",H28) -> 0.99113053 | I29: =IF(F29="","",($C$7/12)*G29) -> 0.55166312 | J29: =IF(F29="","",J28+I29) -> 13.556109 | K29: =IF(F29="","",H29-I29) -> 0.43946741 | L29: =IF(F29="","",L28+K29) -> 9.2398934 | N29: =IF(F29="","",G29-(K29+M29)) -> 65.760107 | R29: =IF(R28="","",RATE(F29,H29,-($G$7-$O$6*$G$7-$P$6),N29+$Q$6*N29)*12) -> 0.14223267 | U29: =IF(U28="","",IF(($D$8*12)+1>U28+1,U28+1,"")) -> 23 | V29: =IF(U29="","",AB28) -> 17.03897 | W29: =IF(U29="","",W28) -> 0.21213103 | X29: =IF(U29="","",($D$7/12)*V29) -> 0.070995709 | Y29: =IF(U29="","",Y28+X29) -> 1.7768485 | Z29: =IF(U29="","",(1+$D$7/12)*Z28) -> 0.14113532 | AA29: =IF(U29="","",AA28+Z29) -> 3.1021652 | AB29: =IF(U29="","",V29-Z29) -> 16.897835 | AD29: =IF(AD28<$C$8,AD28+1,"") | AE29: =IF(AD29="","",AE28) | AF29: =IF(AD29="","",(-PV($C$7/12,($C$8*12)-AD29*12,$C$9))) | AG29: =IF(AD29="","",((1+(RATE(AD29*12,$C$9,-($C$6-$C$21*$C$6-$C$23),AF29+$C$24*AF29)))^12)-1) | AH29: =IF(AH28<$D$8,AH28+1,"") | AI29: =IF(AH29="","",AI28) | AJ29: =IF(AH29="","",(-PV($D$7/12,($D$8*12)-AH29*12,$D$9))) | AK29: =IF(AH29="","",(((1+(RATE(AH29*12,$D$9,-($D$6-$D$21*$D$6-$D$23),AJ29+$D$24*AJ29)))^12)-1))
F30: =IF(N29<0,"",IF(F29="","",IF(($C$8*12)+1>F29+1,F29+1,""))) -> 24 | G30: =IF(F30="","",N29) -> 65.760107 | H30: =IF(F30="","",H29) -> 0.99113053 | I30: =IF(F30="","",($C$7/12)*G30) -> 0.54800089 | J30: =IF(F30="","",J29+I30) -> 14.10411 | K30: =IF(F30="","",H30-I30) -> 0.44312964 | L30: =IF(F30="","",L29+K30) -> 9.683023 | N30: =IF(F30="","",G30-(K30+M30)) -> 65.316977 | R30: =IF(R29="","",RATE(F30,H30,-($G$7-$O$6*$G$7-$P$6),N30+$Q$6*N30)*12) -> 0.14075096 | U30: =IF(U29="","",IF(($D$8*12)+1>U29+1,U29+1,"")) -> 24 | V30: =IF(U30="","",AB29) -> 16.897835 | W30: =IF(U30="","",W29) -> 0.21213103 | X30: =IF(U30="","",($D$7/12)*V30) -> 0.070407645 | Y30: =IF(U30="","",Y29+X30) -> 1.8472562 | Z30: =IF(U30="","",(1+$D$7/12)*Z29) -> 0.14172339 | AA30: =IF(U30="","",AA29+Z30) -> 3.2438886 | AB30: =IF(U30="","",V30-Z30) -> 16.756111 | AD30: =IF(AD29<$C$8,AD29+1,"") | AE30: =IF(AD30="","",AE29) | AF30: =IF(AD30="","",(-PV($C$7/12,($C$8*12)-AD30*12,$C$9))) | AG30: =IF(AD30="","",((1+(RATE(AD30*12,$C$9,-($C$6-$C$21*$C$6-$C$23),AF30+$C$24*AF30)))^12)-1) | AH30: =IF(AH29<$D$8,AH29+1,"") | AI30: =IF(AH30="","",AI29) | AJ30: =IF(AH30="","",(-PV($D$7/12,($D$8*12)-AH30*12,$D$9))) | AK30: =IF(AH30="","",(((1+(RATE(AH30*12,$D$9,-($D$6-$D$21*$D$6-$D$23),AJ30+$D$24*AJ30)))^12)-1))
C31: APR difference | D31: =C29-D29 -> 0.11134379 | F31: =IF(N30<0,"",IF(F30="","",IF(($C$8*12)+1>F30+1,F30+1,""))) -> 25 | G31: =IF(F31="","",N30) -> 65.316977 | H31: =IF(F31="","",H30) -> 0.99113053 | I31: =IF(F31="","",($C$7/12)*G31) -> 0.54430814 | J31: =IF(F31="","",J30+I31) -> 14.648418 | K31: =IF(F31="","",H31-I31) -> 0.44682239 | L31: =IF(F31="","",L30+K31) -> 10.129845 | N31: =IF(F31="","",G31-(K31+M31)) -> 64.870155 | R31: =IF(R30="","",RATE(F31,H31,-($G$7-$O$6*$G$7-$P$6),N31+$Q$6*N31)*12) -> 0.13939017 | U31: =IF(U30="","",IF(($D$8*12)+1>U30+1,U30+1,"")) -> 25 | V31: =IF(U31="","",AB30) -> 16.756111 | W31: =IF(U31="","",W30) -> 0.21213103 | X31: =IF(U31="","",($D$7/12)*V31) -> 0.069817131 | Y31: =IF(U31="","",Y30+X31) -> 1.9170733 | Z31: =IF(U31="","",(1+$D$7/12)*Z30) -> 0.1423139 | AA31: =IF(U31="","",AA30+Z31) -> 3.3862025 | AB31: =IF(U31="","",V31-Z31) -> 16.613798 | AD31: =IF(AD30<$C$8,AD30+1,"") | AE31: =IF(AD31="","",AE30) | AF31: =IF(AD31="","",(-PV($C$7/12,($C$8*12)-AD31*12,$C$9))) | AG31: =IF(AD31="","",((1+(RATE(AD31*12,$C$9,-($C$6-$C$21*$C$6-$C$23),AF31+$C$24*AF31)))^12)-1) | AH31: =IF(AH30<$D$8,AH30+1,"") | AI31: =IF(AH31="","",AI30) | AJ31: =IF(AH31="","",(-PV($D$7/12,($D$8*12)-AH31*12,$D$9))) | AK31: =IF(AH31="","",(((1+(RATE(AH31*12,$D$9,-($D$6-$D$21*$D$6-$D$23),AJ31+$D$24*AJ31)))^12)-1))
F32: =IF(N31<0,"",IF(F31="","",IF(($C$8*12)+1>F31+1,F31+1,""))) -> 26 | G32: =IF(F32="","",N31) -> 64.870155 | H32: =IF(F32="","",H31) -> 0.99113053 | I32: =IF(F32="","",($C$7/12)*G32) -> 0.54058462 | J32: =IF(F32="","",J31+I32) -> 15.189002 | K32: =IF(F32="","",H32-I32) -> 0.45054591 | L32: =IF(F32="","",L31+K32) -> 10.580391 | N32: =IF(F32="","",G32-(K32+M32)) -> 64.419609 | R32: =IF(R31="","",RATE(F32,H32,-($G$7-$O$6*$G$7-$P$6),N32+$Q$6*N32)*12) -> 0.13813635 | U32: =IF(U31="","",IF(($D$8*12)+1>U31+1,U31+1,"")) -> 26 | V32: =IF(U32="","",AB31) -> 16.613798 | W32: =IF(U32="","",W31) -> 0.21213103 | X32: =IF(U32="","",($D$7/12)*V32) -> 0.069224156 | Y32: =IF(U32="","",Y31+X32) -> 1.9862975 | Z32: =IF(U32="","",(1+$D$7/12)*Z31) -> 0.14290687 | AA32: =IF(U32="","",AA31+Z32) -> 3.5291093 | AB32: =IF(U32="","",V32-Z32) -> 16.470891 | AD32: =IF(AD31<$C$8,AD31+1,"") | AE32: =IF(AD32="","",AE31) | AF32: =IF(AD32="","",(-PV($C$7/12,($C$8*12)-AD32*12,$C$9))) | AG32: =IF(AD32="","",((1+(RATE(AD32*12,$C$9,-($C$6-$C$21*$C$6-$C$23),AF32+$C$24*AF32)))^12)-1) | AH32: =IF(AH31<$D$8,AH31+1,"") | AI32: =IF(AH32="","",AI31) | AJ32: =IF(AH32="","",(-PV($D$7/12,($D$8*12)-AH32*12,$D$9))) | AK32: =IF(AH32="","",(((1+(RATE(AH32*12,$D$9,-($D$6-$D$21*$D$6-$D$23),AJ32+$D$24*AJ32)))^12)-1))
F33: =IF(N32<0,"",IF(F32="","",IF(($C$8*12)+1>F32+1,F32+1,""))) -> 27 | G33: =IF(F33="","",N32) -> 64.419609 | H33: =IF(F33="","",H32) -> 0.99113053 | I33: =IF(F33="","",($C$7/12)*G33) -> 0.53683007 | J33: =IF(F33="","",J32+I33) -> 15.725832 | K33: =IF(F33="","",H33-I33) -> 0.45430045 | L33: =IF(F33="","",L32+K33) -> 11.034692 | N33: =IF(F33="","",G33-(K33+M33)) -> 63.965308 | R33: =IF(R32="","",RATE(F33,H33,-($G$7-$O$6*$G$7-$P$6),N33+$Q$6*N33)*12) -> 0.13697763 | U33: =IF(U32="","",IF(($D$8*12)+1>U32+1,U32+1,"")) -> 27 | V33: =IF(U33="","",AB32) -> 16.470891 | W33: =IF(U33="","",W32) -> 0.21213103 | X33: =IF(U33="","",($D$7/12)*V33) -> 0.068628711 | Y33: =IF(U33="","",Y32+X33) -> 2.0549262 | Z33: =IF(U33="","",(1+$D$7/12)*Z32) -> 0.14350232 | AA33: =IF(U33="","",AA32+Z33) -> 3.6726117 | AB33: =IF(U33="","",V33-Z33) -> 16.327388 | AD33: =IF(AD32<$C$8,AD32+1,"") | AE33: =IF(AD33="","",AE32) | AF33: =IF(AD33="","",(-PV($C$7/12,($C$8*12)-AD33*12,$C$9))) | AG33: =IF(AD33="","",((1+(RATE(AD33*12,$C$9,-($C$6-$C$21*$C$6-$C$23),AF33+$C$24*AF33)))^12)-1) | AH33: =IF(AH32<$D$8,AH32+1,"") | AI33: =IF(AH33="","",AI32) | AJ33: =IF(AH33="","",(-PV($D$7/12,($D$8*12)-AH33*12,$D$9))) | AK33: =IF(AH33="","",(((1+(RATE(AH33*12,$D$9,-($D$6-$D$21*$D$6-$D$23),AJ33+$D$24*AJ33)))^12)-1))
F34: =IF(N33<0,"",IF(F33="","",IF(($C$8*12)+1>F33+1,F33+1,""))) -> 28 | G34: =IF(F34="","",N33) -> 63.965308 | H34: =IF(F34="","",H33) -> 0.99113053 | I34: =IF(F34="","",($C$7/12)*G34) -> 0.53304424 | J34: =IF(F34="","",J33+I34) -> 16.258877 | K34: =IF(F34="","",H34-I34) -> 0.45808629 | L34: =IF(F34="","",L33+K34) -> 11.492778 | N34: =IF(F34="","",G34-(K34+M34)) -> 63.507222 | R34: =IF(R33="","",RATE(F34,H34,-($G$7-$O$6*$G$7-$P$6),N34+$Q$6*N34)*12) -> 0.13590383 | U34: =IF(U33="","",IF(($D$8*12)+1>U33+1,U33+1,"")) -> 28 | V34: =IF(U34="","",AB33) -> 16.327388 | W34: =IF(U34="","",W33) -> 0.21213103 | X34: =IF(U34="","",($D$7/12)*V34) -> 0.068030785 | Y34: =IF(U34="","",Y33+X34) -> 2.1229569 | Z34: =IF(U34="","",(1+$D$7/12)*Z33) -> 0.14410025 | AA34: =IF(U34="","",AA33+Z34) -> 3.8167119 | AB34: =IF(U34="","",V34-Z34) -> 16.183288 | AD34: =IF(AD33<$C$8,AD33+1,"") | AE34: =IF(AD34="","",AE33) | AF34: =IF(AD34="","",(-PV($C$7/12,($C$8*12)-AD34*12,$C$9))) | AG34: =IF(AD34="","",((1+(RATE(AD34*12,$C$9,-($C$6-$C$21*$C$6-$C$23),AF34+$C$24*AF34)))^12)-1) | AH34: =IF(AH33<$D$8,AH33+1,"") | AI34: =IF(AH34="","",AI33) | AJ34: =IF(AH34="","",(-PV($D$7/12,($D$8*12)-AH34*12,$D$9))) | AK34: =IF(AH34="","",(((1+(RATE(AH34*12,$D$9,-($D$6-$D$21*$D$6-$D$23),AJ34+$D$24*AJ34)))^12)-1))
F35: =IF(N34<0,"",IF(F34="","",IF(($C$8*12)+1>F34+1,F34+1,""))) -> 29 | G35: =IF(F35="","",N34) -> 63.507222 | H35: =IF(F35="","",H34) -> 0.99113053 | I35: =IF(F35="","",($C$7/12)*G35) -> 0.52922685 | J35: =IF(F35="","",J34+I35) -> 16.788104 | K35: =IF(F35="","",H35-I35) -> 0.46190368 | L35: =IF(F35="","",L34+K35) -> 11.954682 | N35: =IF(F35="","",G35-(K35+M35)) -> 63.045318 | R35: =IF(R34="","",RATE(F35,H35,-($G$7-$O$6*$G$7-$P$6),N35+$Q$6*N35)*12) -> 0.13490617 | U35: =IF(U34="","",IF(($D$8*12)+1>U34+1,U34+1,"")) -> 29 | V35: =IF(U35="","",AB34) -> 16.183288 | W35: =IF(U35="","",W34) -> 0.21213103 | X35: =IF(U35="","",($D$7/12)*V35) -> 0.067430367 | Y35: =IF(U35="","",Y34+X35) -> 2.1903873 | Z35: =IF(U35="","",(1+$D$7/12)*Z34) -> 0.14470066 | AA35: =IF(U35="","",AA34+Z35) -> 3.9614126 | AB35: =IF(U35="","",V35-Z35) -> 16.038587 | AD35: =IF(AD34<$C$8,AD34+1,"") | AE35: =IF(AD35="","",AE34) | AF35: =IF(AD35="","",(-PV($C$7/12,($C$8*12)-AD35*12,$C$9))) | AG35: =IF(AD35="","",((1+(RATE(AD35*12,$C$9,-($C$6-$C$21*$C$6-$C$23),AF35+$C$24*AF35)))^12)-1) | AH35: =IF(AH34<$D$8,AH34+1,"") | AI35: =IF(AH35="","",AI34) | AJ35: =IF(AH35="","",(-PV($D$7/12,($D$8*12)-AH35*12,$D$9))) | AK35: =IF(AH35="","",(((1+(RATE(AH35*12,$D$9,-($D$6-$D$21*$D$6-$D$23),AJ35+$D$24*AJ35)))^12)-1))
F36: =IF(N35<0,"",IF(F35="","",IF(($C$8*12)+1>F35+1,F35+1,""))) -> 30 | G36: =IF(F36="","",N35) -> 63.045318 | H36: =IF(F36="","",H35) -> 0.99113053 | I36: =IF(F36="","",($C$7/12)*G36) -> 0.52537765 | J36: =IF(F36="","",J35+I36) -> 17.313481 | K36: =IF(F36="","",H36-I36) -> 0.46575287 | L36: =IF(F36="","",L35+K36) -> 12.420435 | N36: =IF(F36="","",G36-(K36+M36)) -> 62.579565 | R36: =IF(R35="","",RATE(F36,H36,-($G$7-$O$6*$G$7-$P$6),N36+$Q$6*N36)*12) -> 0.13397705 | U36: =IF(U35="","",IF(($D$8*12)+1>U35+1,U35+1,"")) -> 30 | V36: =IF(U36="","",AB35) -> 16.038587 | W36: =IF(U36="","",W35) -> 0.21213103 | X36: =IF(U36="","",($D$7/12)*V36) -> 0.066827448 | Y36: =IF(U36="","",Y35+X36) -> 2.2572148 | Z36: =IF(U36="","",(1+$D$7/12)*Z35) -> 0.14530358 | AA36: =IF(U36="","",AA35+Z36) -> 4.1067162 | AB36: =IF(U36="","",V36-Z36) -> 15.893284 | AD36: =IF(AD35<$C$8,AD35+1,"") | AE36: =IF(AD36="","",AE35) | AF36: =IF(AD36="","",(-PV($C$7/12,($C$8*12)-AD36*12,$C$9))) | AG36: =IF(AD36="","",((1+(RATE(AD36*12,$C$9,-($C$6-$C$21*$C$6-$C$23),AF36+$C$24*AF36)))^12)-1) | AH36: =IF(AH35<$D$8,AH35+1,"") | AI36: =IF(AH36="","",AI35) | AJ36: =IF(AH36="","",(-PV($D$7/12,($D$8*12)-AH36*12,$D$9))) | AK36: =IF(AH36="","",(((1+(RATE(AH36*12,$D$9,-($D$6-$D$21*$D$6-$D$23),AJ36+$D$24*AJ36)))^12)-1))
F37: =IF(N36<0,"",IF(F36="","",IF(($C$8*12)+1>F36+1,F36+1,""))) -> 31 | G37: =IF(F37="","",N36) -> 62.579565 | H37: =IF(F37="","",H36) -> 0.99113053 | I37: =IF(F37="","",($C$7/12)*G37) -> 0.52149638 | J37: =IF(F37="","",J36+I37) -> 17.834978 | K37: =IF(F37="","",H37-I37) -> 0.46963415 | L37: =IF(F37="","",L36+K37) -> 12.890069 | N37: =IF(F37="","",G37-(K37+M37)) -> 62.109931 | R37: =IF(R36="","",RATE(F37,H37,-($G$7-$O$6*$G$7-$P$6),N37+$Q$6*N37)*12) -> 0.13310985 | U37: =IF(U36="","",IF(($D$8*12)+1>U36+1,U36+1,"")) -> 31 | V37: =IF(U37="","",AB36) -> 15.893284 | W37: =IF(U37="","",W36) -> 0.21213103 | X37: =IF(U37="","",($D$7/12)*V37) -> 0.066222016 | Y37: =IF(U37="","",Y36+X37) -> 2.3234368 | Z37: =IF(U37="","",(1+$D$7/12)*Z36) -> 0.14590901 | AA37: =IF(U37="","",AA36+Z37) -> 4.2526252 | AB37: =IF(U37="","",V37-Z37) -> 15.747375 | AD37: =IF(AD36<$C$8,AD36+1,"") | AE37: =IF(AD37="","",AE36) | AF37: =IF(AD37="","",(-PV($C$7/12,($C$8*12)-AD37*12,$C$9))) | AG37: =IF(AD37="","",((1+(RATE(AD37*12,$C$9,-($C$6-$C$21*$C$6-$C$23),AF37+$C$24*AF37)))^12)-1) | AH37: =IF(AH36<$D$8,AH36+1,"") | AI37: =IF(AH37="","",AI36) | AJ37: =IF(AH37="","",(-PV($D$7/12,($D$8*12)-AH37*12,$D$9))) | AK37: =IF(AH37="","",(((1+(RATE(AH37*12,$D$9,-($D$6-$D$21*$D$6-$D$23),AJ37+$D$24*AJ37)))^12)-1))
F38: =IF(N37<0,"",IF(F37="","",IF(($C$8*12)+1>F37+1,F37+1,""))) -> 32 | G38: =IF(F38="","",N37) -> 62.109931 | H38: =IF(F38="","",H37) -> 0.99113053 | I38: =IF(F38="","",($C$7/12)*G38) -> 0.51758276 | J38: =IF(F38="","",J37+I38) -> 18.35256 | K38: =IF(F38="","",H38-I38) -> 0.47354777 | L38: =IF(F38="","",L37+K38) -> 13.363617 | N38: =IF(F38="","",G38-(K38+M38)) -> 61.636383 | R38: =IF(R37="","",RATE(F38,H38,-($G$7-$O$6*$G$7-$P$6),N38+$Q$6*N38)*12) -> 0.13229878 | U38: =IF(U37="","",IF(($D$8*12)+1>U37+1,U37+1,"")) -> 32 | V38: =IF(U38="","",AB37) -> 15.747375 | W38: =IF(U38="","",W37) -> 0.21213103 | X38: =IF(U38="","",($D$7/12)*V38) -> 0.065614062 | Y38: =IF(U38="","",Y37+X38) -> 2.3890508 | Z38: =IF(U38="","",(1+$D$7/12)*Z37) -> 0.14651697 | AA38: =IF(U38="","",AA37+Z38) -> 4.3991421 | AB38: =IF(U38="","",V38-Z38) -> 15.600858 | AD38: =IF(AD37<$C$8,AD37+1,"") | AE38: =IF(AD38="","",AE37) | AF38: =IF(AD38="","",(-PV($C$7/12,($C$8*12)-AD38*12,$C$9))) | AG38: =IF(AD38="","",((1+(RATE(AD38*12,$C$9,-($C$6-$C$21*$C$6-$C$23),AF38+$C$24*AF38)))^12)-1) | AH38: =IF(AH37<$D$8,AH37+1,"") | AI38: =IF(AH38="","",AI37) | AJ38: =IF(AH38="","",(-PV($D$7/12,($D$8*12)-AH38*12,$D$9))) | AK38: =IF(AH38="","",(((1+(RATE(AH38*12,$D$9,-($D$6-$D$21*$D$6-$D$23),AJ38+$D$24*AJ38)))^12)-1))
F39: =IF(N38<0,"",IF(F38="","",IF(($C$8*12)+1>F38+1,F38+1,""))) -> 33 | G39: =IF(F39="","",N38) -> 61.636383 | H39: =IF(F39="","",H38) -> 0.99113053 | I39: =IF(F39="","",($C$7/12)*G39) -> 0.51363653 | J39: =IF(F39="","",J38+I39) -> 18.866197 | K39: =IF(F39="","",H39-I39) -> 0.477494 | L39: =IF(F39="","",L38+K39) -> 13.841111 | N39: =IF(F39="","",G39-(K39+M39)) -> 61.158889 | R39: =IF(R38="","",RATE(F39,H39,-($G$7-$O$6*$G$7-$P$6),N39+$Q$6*N39)*12) -> 0.13153875 | U39: =IF(U38="","",IF(($D$8*12)+1>U38+1,U38+1,"")) -> 33 | V39: =IF(U39="","",AB38) -> 15.600858 | W39: =IF(U39="","",W38) -> 0.21213103 | X39: =IF(U39="","",($D$7/12)*V39) -> 0.065003574 | Y39: =IF(U39="","",Y38+X39) -> 2.4540544 | Z39: =IF(U39="","",(1+$D$7/12)*Z38) -> 0.14712746 | AA39: =IF(U39="","",AA38+Z39) -> 4.5462696 | AB39: =IF(U39="","",V39-Z39) -> 15.45373 | AD39: =IF(AD38<$C$8,AD38+1,"") | AE39: =IF(AD39="","",AE38) | AF39: =IF(AD39="","",(-PV($C$7/12,($C$8*12)-AD39*12,$C$9))) | AG39: =IF(AD39="","",((1+(RATE(AD39*12,$C$9,-($C$6-$C$21*$C$6-$C$23),AF39+$C$24*AF39)))^12)-1) | AH39: =IF(AH38<$D$8,AH38+1,"") | AI39: =IF(AH39="","",AI38) | AJ39: =IF(AH39="","",(-PV($D$7/12,($D$8*12)-AH39*12,$D$9))) | AK39: =IF(AH39="","",(((1+(RATE(AH39*12,$D$9,-($D$6-$D$21*$D$6-$D$23),AJ39+$D$24*AJ39)))^12)-1))
F40: =IF(N39<0,"",IF(F39="","",IF(($C$8*12)+1>F39+1,F39+1,""))) -> 34 | G40: =IF(F40="","",N39) -> 61.158889 | H40: =IF(F40="","",H39) -> 0.99113053 | I40: =IF(F40="","",($C$7/12)*G40) -> 0.50965741 | J40: =IF(F40="","",J39+I40) -> 19.375854 | K40: =IF(F40="","",H40-I40) -> 0.48147311 | L40: =IF(F40="","",L39+K40) -> 14.322584 | N40: =IF(F40="","",G40-(K40+M40)) -> 60.677416 | R40: =IF(R39="","",RATE(F40,H40,-($G$7-$O$6*$G$7-$P$6),N40+$Q$6*N40)*12) -> 0.13082527 | U40: =IF(U39="","",IF(($D$8*12)+1>U39+1,U39+1,"")) -> 34 | V40: =IF(U40="","",AB39) -> 15.45373 | W40: =IF(U40="","",W39) -> 0.21213103 | X40: =IF(U40="","",($D$7/12)*V40) -> 0.064390543 | Y40: =IF(U40="","",Y39+X40) -> 2.518445 | Z40: =IF(U40="","",(1+$D$7/12)*Z39) -> 0.14774049 | AA40: =IF(U40="","",AA39+Z40) -> 4.6940101 | AB40: =IF(U40="","",V40-Z40) -> 15.30599 | AD40: =IF(AD39<$C$8,AD39+1,"") | AE40: =IF(AD40="","",AE39) | AF40: =IF(AD40="","",(-PV($C$7/12,($C$8*12)-AD40*12,$C$9))) | AG40: =IF(AD40="","",((1+(RATE(AD40*12,$C$9,-($C$6-$C$21*$C$6-$C$23),AF40+$C$24*AF40)))^12)-1) | AH40: =IF(AH39<$D$8,AH39+1,"") | AI40: =IF(AH40="","",AI39) | AJ40: =IF(AH40="","",(-PV($D$7/12,($D$8*12)-AH40*12,$D$9))) | AK40: =IF(AH40="","",(((1+(RATE(AH40*12,$D$9,-($D$6-$D$21*$D$6-$D$23),AJ40+$D$24*AJ40)))^12)-1))
F41: =IF(N40<0,"",IF(F40="","",IF(($C$8*12)+1>F40+1,F40+1,""))) -> 35 | G41: =IF(F41="","",N40) -> 60.677416 | H41: =IF(F41="","",H40) -> 0.99113053 | I41: =IF(F41="","",($C$7/12)*G41) -> 0.50564514 | J41: =IF(F41="","",J40+I41) -> 19.881499 | K41: =IF(F41="","",H41-I41) -> 0.48548539 | L41: =IF(F41="","",L40+K41) -> 14.808069 | N41: =IF(F41="","",G41-(K41+M41)) -> 60.191931 | R41: =IF(R40="","",RATE(F41,H41,-($G$7-$O$6*$G$7-$P$6),N41+$Q$6*N41)*12) -> 0.13015438 | U41: =IF(U40="","",IF(($D$8*12)+1>U40+1,U40+1,"")) -> 35 | V41: =IF(U41="","",AB40) -> 15.30599 | W41: =IF(U41="","",W40) -> 0.21213103 | X41: =IF(U41="","",($D$7/12)*V41) -> 0.063774958 | Y41: =IF(U41="","",Y40+X41) -> 2.5822199 | Z41: =IF(U41="","",(1+$D$7/12)*Z40) -> 0.14835607 | AA41: =IF(U41="","",AA40+Z41) -> 4.8423661 | AB41: =IF(U41="","",V41-Z41) -> 15.157634 | AD41: =IF(AD40<$C$8,AD40+1,"") | AE41: =IF(AD41="","",AE40) | AF41: =IF(AD41="","",(-PV($C$7/12,($C$8*12)-AD41*12,$C$9))) | AG41: =IF(AD41="","",((1+(RATE(AD41*12,$C$9,-($C$6-$C$21*$C$6-$C$23),AF41+$C$24*AF41)))^12)-1) | AH41: =IF(AH40<$D$8,AH40+1,"") | AI41: =IF(AH41="","",AI40) | AJ41: =IF(AH41="","",(-PV($D$7/12,($D$8*12)-AH41*12,$D$9))) | AK41: =IF(AH41="","",(((1+(RATE(AH41*12,$D$9,-($D$6-$D$21*$D$6-$D$23),AJ41+$D$24*AJ41)))^12)-1))
F42: =IF(N41<0,"",IF(F41="","",IF(($C$8*12)+1>F41+1,F41+1,""))) -> 36 | G42: =IF(F42="","",N41) -> 60.191931 | H42: =IF(F42="","",H41) -> 0.99113053 | I42: =IF(F42="","",($C$7/12)*G42) -> 0.50159942 | J42: =IF(F42="","",J41+I42) -> 20.383099 | K42: =IF(F42="","",H42-I42) -> 0.4895311 | L42: =IF(F42="","",L41+K42) -> 15.2976 | N42: =IF(F42="","",G42-(K42+M42)) -> 59.7024 | R42: =IF(R41="","",RATE(F42,H42,-($G$7-$O$6*$G$7-$P$6),N42+$Q$6*N42)*12) -> 0.12952252 | U42: =IF(U41="","",IF(($D$8*12)+1>U41+1,U41+1,"")) -> 36 | V42: =IF(U42="","",AB41) -> 15.157634 | W42: =IF(U42="","",W41) -> 0.21213103 | X42: =IF(U42="","",($D$7/12)*V42) -> 0.063156808 | Y42: =IF(U42="","",Y41+X42) -> 2.6453767 | Z42: =IF(U42="","",(1+$D$7/12)*Z41) -> 0.14897422 | AA42: =IF(U42="","",AA41+Z42) -> 4.9913404 | AB42: =IF(U42="","",V42-Z42) -> 15.00866 | AD42: =IF(AD41<$C$8,AD41+1,"") | AE42: =IF(AD42="","",AE41) | AF42: =IF(AD42="","",(-PV($C$7/12,($C$8*12)-AD42*12,$C$9))) | AG42: =IF(AD42="","",((1+(RATE(AD42*12,$C$9,-($C$6-$C$21*$C$6-$C$23),AF42+$C$24*AF42)))^12)-1) | AH42: =IF(AH41<$D$8,AH41+1,"") | AI42: =IF(AH42="","",AI41) | AJ42: =IF(AH42="","",(-PV($D$7/12,($D$8*12)-AH42*12,$D$9))) | AK42: =IF(AH42="","",(((1+(RATE(AH42*12,$D$9,-($D$6-$D$21*$D$6-$D$23),AJ42+$D$24*AJ42)))^12)-1))
F43: =IF(N42<0,"",IF(F42="","",IF(($C$8*12)+1>F42+1,F42+1,""))) -> 37 | G43: =IF(F43="","",N42) -> 59.7024 | H43: =IF(F43="","",H42) -> 0.99113053 | I43: =IF(F43="","",($C$7/12)*G43) -> 0.49752 | J43: =IF(F43="","",J42+I43) -> 20.880619 | K43: =IF(F43="","",H43-I43) -> 0.49361053 | L43: =IF(F43="","",L42+K43) -> 15.791211 | N43: =IF(F43="","",G43-(K43+M43)) -> 59.208789 | R43: =IF(R42="","",RATE(F43,H43,-($G$7-$O$6*$G$7-$P$6),N43+$Q$6*N43)*12) -> 0.12892657 | U43: =IF(U42="","",IF(($D$8*12)+1>U42+1,U42+1,"")) -> 37 | V43: =IF(U43="","",AB42) -> 15.00866 | W43: =IF(U43="","",W42) -> 0.21213103 | X43: =IF(U43="","",($D$7/12)*V43) -> 0.062536082 | Y43: =IF(U43="","",Y42+X43) -> 2.7079128 | Z43: =IF(U43="","",(1+$D$7/12)*Z42) -> 0.14959495 | AA43: =IF(U43="","",AA42+Z43) -> 5.1409353 | AB43: =IF(U43="","",V43-Z43) -> 14.859065 | AD43: =IF(AD42<$C$8,AD42+1,"") | AE43: =IF(AD43="","",AE42) | AF43: =IF(AD43="","",(-PV($C$7/12,($C$8*12)-AD43*12,$C$9))) | AG43: =IF(AD43="","",((1+(RATE(AD43*12,$C$9,-($C$6-$C$21*$C$6-$C$23),AF43+$C$24*AF43)))^12)-1) | AH43: =IF(AH42<$D$8,AH42+1,"") | AI43: =IF(AH43="","",AI42) | AJ43: =IF(AH43="","",(-PV($D$7/12,($D$8*12)-AH43*12,$D$9))) | AK43: =IF(AH43="","",(((1+(RATE(AH43*12,$D$9,-($D$6-$D$21*$D$6-$D$23),AJ43+$D$24*AJ43)))^12)-1))
... F114: =IF(N113<0,"",IF(F113="","",IF(($C$8*12)+1>F113+1,F113+1,""))) -> 108 | G114: =IF(F114="","",N113) -> 12.163391 | H114: =IF(F114="","",H113) -> 0.99113053 | I114: =IF(F114="","",($C$7/12)*G114) -> 0.1013616 | J114: =IF(F114="","",J113+I114) -> 43.315719 | K114: =IF(F114="","",H114-I114) -> 0.88976893 | L114: =IF(F114="","",L113+K114) -> 63.726377 | N114: =IF(F114="","",G114-(K114+M114)) -> 11.273623 | R114: =IF(R113="","",RATE(F114,H114,-($G$7-$O$6*$G$7-$P$6),N114+$Q$6*N114)*12) -> 0.116859 | U114: =IF(U113="","",IF(($D$8*12)+1>U113+1,U113+1,"")) -> 108 | V114: =IF(U114="","",AB113) -> 2.6789185 | W114: =IF(U114="","",W113) -> 0.21213103 | X114: =IF(U114="","",($D$7/12)*V114) -> 0.011162161 | Y114: =IF(U114="","",Y113+X114) -> 5.388101 | Z114: =IF(U114="","",(1+$D$7/12)*Z113) -> 0.20096887 | AA114: =IF(U114="","",AA113+Z114) -> 17.52205 | AB114: =IF(U114="","",V114-Z114) -> 2.4779497 | AD114: =IF(AD113<$C$8,AD113+1,"") | AE114: =IF(AD114="","",AE113) | AF114: =IF(AD114="","",(-PV($C$7/12,($C$8*12)-AD114*12,$C$9))) | AG114: =IF(AD114="","",((1+(RATE(AD114*12,$C$9,-($C$6-$C$21*$C$6-$C$23),AF114+$C$24*AF114)))^12)-1) | AH114: =IF(AH113<$D$8,AH113+1,"") | AI114: =IF(AH114="","",AI113) | AJ114: =IF(AH114="","",(-PV($D$7/12,($D$8*12)-AH114*12,$D$9))) | AK114: =IF(AH114="","",(((1+(RATE(AH114*12,$D$9,-($D$6-$D$21*$D$6-$D$23),AJ114+$D$24*AJ114)))^12)-1))
F115: =IF(N114<0,"",IF(F114="","",IF(($C$8*12)+1>F114+1,F114+1,""))) -> 109 | G115: =IF(F115="","",N114) -> 11.273623 | H115: =IF(F115="","",H114) -> 0.99113053 | I115: =IF(F115="","",($C$7/12)*G115) -> 0.093946854 | J115: =IF(F115="","",J114+I115) -> 43.409666 | K115: =IF(F115="","",H115-I115) -> 0.89718367 | L115: =IF(F115="","",L114+K115) -> 64.623561 | N115: =IF(F115="","",G115-(K115+M115)) -> 10.376439 | R115: =IF(R114="","",RATE(F115,H115,-($G$7-$O$6*$G$7-$P$6),N115+$Q$6*N115)*12) -> 0.11683948 | U115: =IF(U114="","",IF(($D$8*12)+1>U114+1,U114+1,"")) -> 109 | V115: =IF(U115="","",AB114) -> 2.4779497 | W115: =IF(U115="","",W114) -> 0.21213103 | X115: =IF(U115="","",($D$7/12)*V115) -> 0.01032479 | Y115: =IF(U115="","",Y114+X115) -> 5.3984257 | Z115: =IF(U115="","",(1+$D$7/12)*Z114) -> 0.20180624 | AA115: =IF(U115="","",AA114+Z115) -> 17.723857 | AB115: =IF(U115="","",V115-Z115) -> 2.2761434
F116: =IF(N115<0,"",IF(F115="","",IF(($C$8*12)+1>F115+1,F115+1,""))) -> 110 | G116: =IF(F116="","",N115) -> 10.376439 | H116: =IF(F116="","",H115) -> 0.99113053 | I116: =IF(F116="","",($C$7/12)*G116) -> 0.086470324 | J116: =IF(F116="","",J115+I116) -> 43.496137 | K116: =IF(F116="","",H116-I116) -> 0.9046602 | L116: =IF(F116="","",L115+K116) -> 65.528221 | N116: =IF(F116="","",G116-(K116+M116)) -> 9.4717787 | R116: =IF(R115="","",RATE(F116,H116,-($G$7-$O$6*$G$7-$P$6),N116+$Q$6*N116)*12) -> 0.11682172 | U116: =IF(U115="","",IF(($D$8*12)+1>U115+1,U115+1,"")) -> 110 | V116: =IF(U116="","",AB115) -> 2.2761434 | W116: =IF(U116="","",W115) -> 0.21213103 | X116: =IF(U116="","",($D$7/12)*V116) -> 0.0094839309 | Y116: =IF(U116="","",Y115+X116) -> 5.4079097 | Z116: =IF(U116="","",(1+$D$7/12)*Z115) -> 0.2026471 | AA116: =IF(U116="","",AA115+Z116) -> 17.926504 | AB116: =IF(U116="","",V116-Z116) -> 2.0734963
F117: =IF(N116<0,"",IF(F116="","",IF(($C$8*12)+1>F116+1,F116+1,""))) -> 111 | G117: =IF(F117="","",N116) -> 9.4717787 | H117: =IF(F117="","",H116) -> 0.99113053 | I117: =IF(F117="","",($C$7/12)*G117) -> 0.078931489 | J117: =IF(F117="","",J116+I117) -> 43.575068 | K117: =IF(F117="","",H117-I117) -> 0.91219904 | L117: =IF(F117="","",L116+K117) -> 66.44042 | N117: =IF(F117="","",G117-(K117+M117)) -> 8.5595796 | R117: =IF(R116="","",RATE(F117,H117,-($G$7-$O$6*$G$7-$P$6),N117+$Q$6*N117)*12) -> 0.1168057 | U117: =IF(U116="","",IF(($D$8*12)+1>U116+1,U116+1,"")) -> 111 | V117: =IF(U117="","",AB116) -> 2.0734963 | W117: =IF(U117="","",W116) -> 0.21213103 | X117: =IF(U117="","",($D$7/12)*V117) -> 0.008639568 | Y117: =IF(U117="","",Y116+X117) -> 5.4165492 | Z117: =IF(U117="","",(1+$D$7/12)*Z116) -> 0.20349146 | AA117: =IF(U117="","",AA116+Z117) -> 18.129995 | AB117: =IF(U117="","",V117-Z117) -> 1.8700049
F118: =IF(N117<0,"",IF(F117="","",IF(($C$8*12)+1>F117+1,F117+1,""))) -> 112 | G118: =IF(F118="","",N117) -> 8.5595796 | H118: =IF(F118="","",H117) -> 0.99113053 | I118: =IF(F118="","",($C$7/12)*G118) -> 0.07132983 | J118: =IF(F118="","",J117+I118) -> 43.646398 | K118: =IF(F118="","",H118-I118) -> 0.9198007 | L118: =IF(F118="","",L117+K118) -> 67.360221 | N118: =IF(F118="","",G118-(K118+M118)) -> 7.6397789 | R118: =IF(R117="","",RATE(F118,H118,-($G$7-$O$6*$G$7-$P$6),N118+$Q$6*N118)*12) -> 0.11679139 | U118: =IF(U117="","",IF(($D$8*12)+1>U117+1,U117+1,"")) -> 112 | V118: =IF(U118="","",AB117) -> 1.8700049 | W118: =IF(U118="","",W117) -> 0.21213103 | X118: =IF(U118="","",($D$7/12)*V118) -> 0.0077916869 | Y118: =IF(U118="","",Y117+X118) -> 5.4243409 | Z118: =IF(U118="","",(1+$D$7/12)*Z117) -> 0.20433934 | AA118: =IF(U118="","",AA117+Z118) -> 18.334334 | AB118: =IF(U118="","",V118-Z118) -> 1.6656655
F119: =IF(N118<0,"",IF(F118="","",IF(($C$8*12)+1>F118+1,F118+1,""))) -> 113 | G119: =IF(F119="","",N118) -> 7.6397789 | H119: =IF(F119="","",H118) -> 0.99113053 | I119: =IF(F119="","",($C$7/12)*G119) -> 0.063664824 | J119: =IF(F119="","",J118+I119) -> 43.710063 | K119: =IF(F119="","",H119-I119) -> 0.9274657 | L119: =IF(F119="","",L118+K119) -> 68.287687 | N119: =IF(F119="","",G119-(K119+M119)) -> 6.7123132 | R119: =IF(R118="","",RATE(F119,H119,-($G$7-$O$6*$G$7-$P$6),N119+$Q$6*N119)*12) -> 0.11677875 | U119: =IF(U118="","",IF(($D$8*12)+1>U118+1,U118+1,"")) -> 113 | V119: =IF(U119="","",AB118) -> 1.6656655 | W119: =IF(U119="","",W118) -> 0.21213103 | X119: =IF(U119="","",($D$7/12)*V119) -> 0.006940273 | Y119: =IF(U119="","",Y118+X119) -> 5.4312812 | Z119: =IF(U119="","",(1+$D$7/12)*Z118) -> 0.20519076 | AA119: =IF(U119="","",AA118+Z119) -> 18.539525 | AB119: =IF(U119="","",V119-Z119) -> 1.4604748
F120: =IF(N119<0,"",IF(F119="","",IF(($C$8*12)+1>F119+1,F119+1,""))) -> 114 | G120: =IF(F120="","",N119) -> 6.7123132 | H120: =IF(F120="","",H119) -> 0.99113053 | I120: =IF(F120="","",($C$7/12)*G120) -> 0.055935943 | J120: =IF(F120="","",J119+I120) -> 43.765999 | K120: =IF(F120="","",H120-I120) -> 0.93519458 | L120: =IF(F120="","",L119+K120) -> 69.222881 | N120: =IF(F120="","",G120-(K120+M120)) -> 5.7771186 | R120: =IF(R119="","",RATE(F120,H120,-($G$7-$O$6*$G$7-$P$6),N120+$Q$6*N120)*12) -> 0.11676777 | U120: =IF(U119="","",IF(($D$8*12)+1>U119+1,U119+1,"")) -> 114 | V120: =IF(U120="","",AB119) -> 1.4604748 | W120: =IF(U120="","",W119) -> 0.21213103 | X120: =IF(U120="","",($D$7/12)*V120) -> 0.0060853115 | Y120: =IF(U120="","",Y119+X120) -> 5.4373665 | Z120: =IF(U120="","",(1+$D$7/12)*Z119) -> 0.20604572 | AA120: =IF(U120="","",AA119+Z120) -> 18.745571 | AB120: =IF(U120="","",V120-Z120) -> 1.254429
F121: =IF(N120<0,"",IF(F120="","",IF(($C$8*12)+1>F120+1,F120+1,""))) -> 115 | G121: =IF(F121="","",N120) -> 5.7771186 | H121: =IF(F121="","",H120) -> 0.99113053 | I121: =IF(F121="","",($C$7/12)*G121) -> 0.048142655 | J121: =IF(F121="","",J120+I121) -> 43.814141 | K121: =IF(F121="","",H121-I121) -> 0.94298787 | L121: =IF(F121="","",L120+K121) -> 70.165869 | N121: =IF(F121="","",G121-(K121+M121)) -> 4.8341308 | R121: =IF(R120="","",RATE(F121,H121,-($G$7-$O$6*$G$7-$P$6),N121+$Q$6*N121)*12) -> 0.11675842 | U121: =IF(U120="","",IF(($D$8*12)+1>U120+1,U120+1,"")) -> 115 | V121: =IF(U121="","",AB120) -> 1.254429 | W121: =IF(U121="","",W120) -> 0.21213103 | X121: =IF(U121="","",($D$7/12)*V121) -> 0.0052267877 | Y121: =IF(U121="","",Y120+X121) -> 5.4425933 | Z121: =IF(U121="","",(1+$D$7/12)*Z120) -> 0.20690424 | AA121: =IF(U121="","",AA120+Z121) -> 18.952475 | AB121: =IF(U121="","",V121-Z121) -> 1.0475248
F122: =IF(N121<0,"",IF(F121="","",IF(($C$8*12)+1>F121+1,F121+1,""))) -> 116 | G122: =IF(F122="","",N121) -> 4.8341308 | H122: =IF(F122="","",H121) -> 0.99113053 | I122: =IF(F122="","",($C$7/12)*G122) -> 0.040284423 | J122: =IF(F122="","",J121+I122) -> 43.854426 | K122: =IF(F122="","",H122-I122) -> 0.9508461 | L122: =IF(F122="","",L121+K122) -> 71.116715 | N122: =IF(F122="","",G122-(K122+M122)) -> 3.8832847 | R122: =IF(R121="","",RATE(F122,H122,-($G$7-$O$6*$G$7-$P$6),N122+$Q$6*N122)*12) -> 0.11675068 | U122: =IF(U121="","",IF(($D$8*12)+1>U121+1,U121+1,"")) -> 116 | V122: =IF(U122="","",AB121) -> 1.0475248 | W122: =IF(U122="","",W121) -> 0.21213103 | X122: =IF(U122="","",($D$7/12)*V122) -> 0.0043646866 | Y122: =IF(U122="","",Y121+X122) -> 5.446958 | Z122: =IF(U122="","",(1+$D$7/12)*Z121) -> 0.20776634 | AA122: =IF(U122="","",AA121+Z122) -> 19.160242 | AB122: =IF(U122="","",V122-Z122) -> 0.83975845
F123: =IF(N122<0,"",IF(F122="","",IF(($C$8*12)+1>F122+1,F122+1,""))) -> 117 | G123: =IF(F123="","",N122) -> 3.8832847 | H123: =IF(F123="","",H122) -> 0.99113053 | I123: =IF(F123="","",($C$7/12)*G123) -> 0.032360705 | J123: =IF(F123="","",J122+I123) -> 43.886786 | K123: =IF(F123="","",H123-I123) -> 0.95876982 | L123: =IF(F123="","",L122+K123) -> 72.075485 | N123: =IF(F123="","",G123-(K123+M123)) -> 2.9245148 | R123: =IF(R122="","",RATE(F123,H123,-($G$7-$O$6*$G$7-$P$6),N123+$Q$6*N123)*12) -> 0.11674452 | U123: =IF(U122="","",IF(($D$8*12)+1>U122+1,U122+1,"")) -> 117 | V123: =IF(U123="","",AB122) -> 0.83975845 | W123: =IF(U123="","",W122) -> 0.21213103 | X123: =IF(U123="","",($D$7/12)*V123) -> 0.0034989936 | Y123: =IF(U123="","",Y122+X123) -> 5.450457 | Z123: =IF(U123="","",(1+$D$7/12)*Z122) -> 0.20863204 | AA123: =IF(U123="","",AA122+Z123) -> 19.368874 | AB123: =IF(U123="","",V123-Z123) -> 0.63112642
F124: =IF(N123<0,"",IF(F123="","",IF(($C$8*12)+1>F123+1,F123+1,""))) -> 118 | G124: =IF(F124="","",N123) -> 2.9245148 | H124: =IF(F124="","",H123) -> 0.99113053 | I124: =IF(F124="","",($C$7/12)*G124) -> 0.024370957 | J124: =IF(F124="","",J123+I124) -> 43.911157 | K124: =IF(F124="","",H124-I124) -> 0.96675957 | L124: =IF(F124="","",L123+K124) -> 73.042245 | N124: =IF(F124="","",G124-(K124+M124)) -> 1.9577553 | R124: =IF(R123="","",RATE(F124,H124,-($G$7-$O$6*$G$7-$P$6),N124+$Q$6*N124)*12) -> 0.11673994 | U124: =IF(U123="","",IF(($D$8*12)+1>U123+1,U123+1,"")) -> 118 | V124: =IF(U124="","",AB123) -> 0.63112642 | W124: =IF(U124="","",W123) -> 0.21213103 | X124: =IF(U124="","",($D$7/12)*V124) -> 0.0026296934 | Y124: =IF(U124="","",Y123+X124) -> 5.4530867 | Z124: =IF(U124="","",(1+$D$7/12)*Z123) -> 0.20950134 | AA124: =IF(U124="","",AA123+Z124) -> 19.578375 | AB124: =IF(U124="","",V124-Z124) -> 0.42162508
F125: =IF(N124<0,"",IF(F124="","",IF(($C$8*12)+1>F124+1,F124+1,""))) -> 119 | G125: =IF(F125="","",N124) -> 1.9577553 | H125: =IF(F125="","",H124) -> 0.99113053 | I125: =IF(F125="","",($C$7/12)*G125) -> 0.016314627 | J125: =IF(F125="","",J124+I125) -> 43.927472 | K125: =IF(F125="","",H125-I125) -> 0.9748159 | L125: =IF(F125="","",L124+K125) -> 74.017061 | N125: =IF(F125="","",G125-(K125+M125)) -> 0.98293937 | R125: =IF(R124="","",RATE(F125,H125,-($G$7-$O$6*$G$7-$P$6),N125+$Q$6*N125)*12) -> 0.1167369 | U125: =IF(U124="","",IF(($D$8*12)+1>U124+1,U124+1,"")) -> 119 | V125: =IF(U125="","",AB124) -> 0.42162508 | W125: =IF(U125="","",W124) -> 0.21213103 | X125: =IF(U125="","",($D$7/12)*V125) -> 0.0017567712 | Y125: =IF(U125="","",Y124+X125) -> 5.4548434 | Z125: =IF(U125="","",(1+$D$7/12)*Z124) -> 0.21037426 | AA125: =IF(U125="","",AA124+Z125) -> 19.788749 | AB125: =IF(U125="","",V125-Z125) -> 0.21125082
F126: =IF(N125<0,"",IF(F125="","",IF(($C$8*12)+1>F125+1,F125+1,""))) -> 120 | G126: =IF(F126="","",N125) -> 0.98293937 | H126: =IF(F126="","",H125) -> 0.99113053 | I126: =IF(F126="","",($C$7/12)*G126) -> 0.0081911614 | J126: =IF(F126="","",J125+I126) -> 43.935663 | K126: =IF(F126="","",H126-I126) -> 0.98293937 | L126: =IF(F126="","",L125+K126) -> 75 | N126: =IF(F126="","",G126-(K126+M126)) -> -2.2315483e-14 | R126: =IF(R125="","",RATE(F126,H126,-($G$7-$O$6*$G$7-$P$6),N126+$Q$6*N126)*12) -> 0.11673538 | U126: =IF(U125="","",IF(($D$8*12)+1>U125+1,U125+1,"")) -> 120 | V126: =IF(U126="","",AB125) -> 0.21125082 | W126: =IF(U126="","",W125) -> 0.21213103 | X126: =IF(U126="","",($D$7/12)*V126) -> 0.00088021174 | Y126: =IF(U126="","",Y125+X126) -> 5.4557237 | Z126: =IF(U126="","",(1+$D$7/12)*Z125) -> 0.21125082 | AA126: =IF(U126="","",AA125+Z126) -> 20 | AB126: =IF(U126="","",V126-Z126) -> 8.9928065e-15
... F751: =IF(N750<0,"",IF(F750="","",IF(($C$8*12)+1>F750+1,F750+1,""))) | G751: =IF(F751="","",N750) | H751: =IF(F751="","",H750) | I751: =IF(F751="","",($C$7/12)*G751) | J751: =IF(F751="","",J750+I751) | K751: =IF(F751="","",H751-I751) | L751: =IF(F751="","",L750+K751) | N751: =IF(F751="","",G751-(K751+M751)) | R751: =IF(R750="","",RATE(F751,H751,-($G$7-$O$6*$G$7-$P$6),N751+$Q$6*N751)*12) -> #VALUE! | U751: =IF(U750="","",IF(($D$8*12)+1>U750+1,U750+1,"")) | V751: =IF(U751="","",AB750) | W751: =IF(U751="","",W750) | X751: =IF(U751="","",($D$7/12)*V751) | Y751: =IF(U751="","",Y750+X751) | Z751: =IF(U751="","",(1+$D$7/12)*Z750) | AA751: =IF(U751="","",AA750+Z751) | AB751: =IF(U751="","",V751-Z751)
F752: =IF(N751<0,"",IF(F751="","",IF(($C$8*12)+1>F751+1,F751+1,""))) | G752: =IF(F752="","",N751) | H752: =IF(F752="","",H751) | I752: =IF(F752="","",($C$7/12)*G752) | J752: =IF(F752="","",J751+I752) | K752: =IF(F752="","",H752-I752) | L752: =IF(F752="","",L751+K752) | R752: =IF(R751="","",RATE(F752,H752,-($G$7-$O$6*$G$7-$P$6),N752+$Q$6*N752)*12) -> #VALUE! | U752: =IF(U751="","",IF(($D$8*12)+1>U751+1,U751+1,"")) | V752: =IF(U752="","",AB751) | W752: =IF(U752="","",W751) | X752: =IF(U752="","",($D$7/12)*V752) | Y752: =IF(U752="","",Y751+X752) | Z752: =IF(U752="","",(1+$D$7/12)*Z751) | AA752: =IF(U752="","",AA751+Z752) | AB752: =IF(U752="","",V752-Z752)
F753: =IF(N752<0,"",IF(F752="","",IF(($C$8*12)+1>F752+1,F752+1,""))) | G753: =IF(F753="","",N752) | H753: =IF(F753="","",H752) | I753: =IF(F753="","",($C$7/12)*G753) | J753: =IF(F753="","",J752+I753) | K753: =IF(F753="","",H753-I753) | L753: =IF(F753="","",L752+K753) | R753: =IF(R752="","",RATE(F753,H753,-($G$7-$O$6*$G$7-$P$6),N753+$Q$6*N753)*12) -> #VALUE! | U753: =IF(U752="","",IF(($D$8*12)+1>U752+1,U752+1,"")) | V753: =IF(U753="","",AB752) | W753: =IF(U753="","",W752) | X753: =IF(U753="","",($D$7/12)*V753) | Y753: =IF(U753="","",Y752+X753) | Z753: =IF(U753="","",(1+$D$7/12)*Z752) | AA753: =IF(U753="","",AA752+Z753) | AB753: =IF(U753="","",V753-Z753)
F754: =IF(N753<0,"",IF(F753="","",IF(($C$8*12)+1>F753+1,F753+1,""))) | G754: =IF(F754="","",N753) | H754: =IF(F754="","",H753) | I754: =IF(F754="","",($C$7/12)*G754) | J754: =IF(F754="","",J753+I754) | K754: =IF(F754="","",H754-I754) | L754: =IF(F754="","",L753+K754) | R754: =IF(R753="","",RATE(F754,H754,-($G$7-$O$6*$G$7-$P$6),N754+$Q$6*N754)*12) -> #VALUE! | U754: =IF(U753="","",IF(($D$8*12)+1>U753+1,U753+1,"")) | V754: =IF(U754="","",AB753) | W754: =IF(U754="","",W753) | X754: =IF(U754="","",($D$7/12)*V754) | Y754: =IF(U754="","",Y753+X754) | Z754: =IF(U754="","",(1+$D$7/12)*Z753) | AA754: =IF(U754="","",AA753+Z754) | AB754: =IF(U754="","",V754-Z754)
F755: =IF(N754<0,"",IF(F754="","",IF(($C$8*12)+1>F754+1,F754+1,""))) | G755: =IF(F755="","",N754) | H755: =IF(F755="","",H754) | I755: =IF(F755="","",($C$7/12)*G755) | J755: =IF(F755="","",J754+I755) | K755: =IF(F755="","",H755-I755) | L755: =IF(F755="","",L754+K755) | R755: =IF(R754="","",RATE(F755,H755,-($G$7-$O$6*$G$7-$P$6),N755+$Q$6*N755)*12) -> #VALUE! | U755: =IF(U754="","",IF(($D$8*12)+1>U754+1,U754+1,"")) | V755: =IF(U755="","",AB754) | W755: =IF(U755="","",W754) | X755: =IF(U755="","",($D$7/12)*V755) | Y755: =IF(U755="","",Y754+X755) | Z755: =IF(U755="","",(1+$D$7/12)*Z754) | AA755: =IF(U755="","",AA754+Z755) | AB755: =IF(U755="","",V755-Z755)
F756: =IF(N755<0,"",IF(F755="","",IF(($C$8*12)+1>F755+1,F755+1,""))) | G756: =IF(F756="","",N755) | H756: =IF(F756="","",H755) | I756: =IF(F756="","",($C$7/12)*G756) | J756: =IF(F756="","",J755+I756) | K756: =IF(F756="","",H756-I756) | L756: =IF(F756="","",L755+K756) | R756: =IF(R755="","",RATE(F756,H756,-($G$7-$O$6*$G$7-$P$6),N756+$Q$6*N756)*12) -> #VALUE! | U756: =IF(U755="","",IF(($D$8*12)+1>U755+1,U755+1,"")) | V756: =IF(U756="","",AB755) | W756: =IF(U756="","",W755) | X756: =IF(U756="","",($D$7/12)*V756) | Y756: =IF(U756="","",Y755+X756) | Z756: =IF(U756="","",(1+$D$7/12)*Z755) | AA756: =IF(U756="","",AA755+Z756) | AB756: =IF(U756="","",V756-Z756)
F757: =IF(N756<0,"",IF(F756="","",IF(($C$8*12)+1>F756+1,F756+1,""))) | G757: =IF(F757="","",N756) | H757: =IF(F757="","",H756) | I757: =IF(F757="","",($C$7/12)*G757) | J757: =IF(F757="","",J756+I757) | K757: =IF(F757="","",H757-I757) | L757: =IF(F757="","",L756+K757) | R757: =IF(R756="","",RATE(F757,H757,-($G$7-$O$6*$G$7-$P$6),N757+$Q$6*N757)*12) -> #VALUE! | U757: =IF(U756="","",IF(($D$8*12)+1>U756+1,U756+1,"")) | V757: =IF(U757="","",AB756) | W757: =IF(U757="","",W756) | X757: =IF(U757="","",($D$7/12)*V757) | Y757: =IF(U757="","",Y756+X757) | Z757: =IF(U757="","",(1+$D$7/12)*Z756) | AA757: =IF(U757="","",AA756+Z757) | AB757: =IF(U757="","",V757-Z757)
F758: =IF(N757<0,"",IF(F757="","",IF(($C$8*12)+1>F757+1,F757+1,""))) | G758: =IF(F758="","",N757) | H758: =IF(F758="","",H757) | I758: =IF(F758="","",($C$7/12)*G758) | J758: =IF(F758="","",J757+I758) | K758: =IF(F758="","",H758-I758) | L758: =IF(F758="","",L757+K758) | R758: =IF(R757="","",RATE(F758,H758,-($G$7-$O$6*$G$7-$P$6),N758+$Q$6*N758)*12) -> #VALUE! | U758: =IF(U757="","",IF(($D$8*12)+1>U757+1,U757+1,"")) | V758: =IF(U758="","",AB757) | W758: =IF(U758="","",W757) | X758: =IF(U758="","",($D$7/12)*V758) | Y758: =IF(U758="","",Y757+X758) | Z758: =IF(U758="","",(1+$D$7/12)*Z757) | AA758: =IF(U758="","",AA757+Z758) | AB758: =IF(U758="","",V758-Z758)
F759: =IF(N758<0,"",IF(F758="","",IF(($C$8*12)+1>F758+1,F758+1,""))) | G759: =IF(F759="","",N758) | H759: =IF(F759="","",H758) | I759: =IF(F759="","",($C$7/12)*G759) | J759: =IF(F759="","",J758+I759) | K759: =IF(F759="","",H759-I759) | L759: =IF(F759="","",L758+K759) | R759: =IF(R758="","",RATE(F759,H759,-($G$7-$O$6*$G$7-$P$6),N759+$Q$6*N759)*12) -> #VALUE! | U759: =IF(U758="","",IF(($D$8*12)+1>U758+1,U758+1,"")) | V759: =IF(U759="","",AB758) | W759: =IF(U759="","",W758) | X759: =IF(U759="","",($D$7/12)*V759) | Y759: =IF(U759="","",Y758+X759) | Z759: =IF(U759="","",(1+$D$7/12)*Z758) | AA759: =IF(U759="","",AA758+Z759) | AB759: =IF(U759="","",V759-Z759)
F760: =IF(N759<0,"",IF(F759="","",IF(($C$8*12)+1>F759+1,F759+1,""))) | G760: =IF(F760="","",N759) | H760: =IF(F760="","",H759) | I760: =IF(F760="","",($C$7/12)*G760) | J760: =IF(F760="","",J759+I760) | K760: =IF(F760="","",H760-I760) | L760: =IF(F760="","",L759+K760) | R760: =IF(R759="","",RATE(F760,H760,-($G$7-$O$6*$G$7-$P$6),N760+$Q$6*N760)*12) -> #VALUE! | U760: =IF(U759="","",IF(($D$8*12)+1>U759+1,U759+1,"")) | V760: =IF(U760="","",AB759) | W760: =IF(U760="","",W759) | X760: =IF(U760="","",($D$7/12)*V760) | Y760: =IF(U760="","",Y759+X760) | Z760: =IF(U760="","",(1+$D$7/12)*Z759) | AA760: =IF(U760="","",AA759+Z760) | AB760: =IF(U760="","",V760-Z760)
F761: =IF(N760<0,"",IF(F760="","",IF(($C$8*12)+1>F760+1,F760+1,""))) | G761: =IF(F761="","",N760) | H761: =IF(F761="","",H760) | I761: =IF(F761="","",($C$7/12)*G761) | J761: =IF(F761="","",J760+I761) | K761: =IF(F761="","",H761-I761) | L761: =IF(F761="","",L760+K761) | R761: =IF(R760="","",RATE(F761,H761,-($G$7-$O$6*$G$7-$P$6),N761+$Q$6*N761)*12) -> #VALUE! | U761: =IF(U760="","",IF(($D$8*12)+1>U760+1,U760+1,"")) | V761: =IF(U761="","",AB760) | W761: =IF(U761="","",W760) | X761: =IF(U761="","",($D$7/12)*V761) | Y761: =IF(U761="","",Y760+X761) | Z761: =IF(U761="","",(1+$D$7/12)*Z760) | AA761: =IF(U761="","",AA760+Z761) | AB761: =IF(U761="","",V761-Z761)
F762: =IF(N761<0,"",IF(F761="","",IF(($C$8*12)+1>F761+1,F761+1,""))) | G762: =IF(F762="","",N761) | H762: =IF(F762="","",H761) | I762: =IF(F762="","",($C$7/12)*G762) | J762: =IF(F762="","",J761+I762) | K762: =IF(F762="","",H762-I762) | L762: =IF(F762="","",L761+K762) | R762: =IF(R761="","",RATE(F762,H762,-($G$7-$O$6*$G$7-$P$6),N762+$Q$6*N762)*12) -> #VALUE! | U762: =IF(U761="","",IF(($D$8*12)+1>U761+1,U761+1,"")) | V762: =IF(U762="","",AB761) | W762: =IF(U762="","",W761) | X762: =IF(U762="","",($D$7/12)*V762) | Y762: =IF(U762="","",Y761+X762) | Z762: =IF(U762="","",(1+$D$7/12)*Z761) | AA762: =IF(U762="","",AA761+Z762) | AB762: =IF(U762="","",V762-Z762)
F763: =IF(N762<0,"",IF(F762="","",IF(($C$8*12)+1>F762+1,F762+1,""))) | G763: =IF(F763="","",N762) | H763: =IF(F763="","",H762) | I763: =IF(F763="","",($C$7/12)*G763) | J763: =IF(F763="","",J762+I763) | K763: =IF(F763="","",H763-I763) | L763: =IF(F763="","",L762+K763) | R763: =IF(R762="","",RATE(F763,H763,-($G$7-$O$6*$G$7-$P$6),N763+$Q$6*N763)*12) -> #VALUE! | U763: =IF(U762="","",IF(($D$8*12)+1>U762+1,U762+1,"")) | V763: =IF(U763="","",AB762) | W763: =IF(U763="","",W762) | X763: =IF(U763="","",($D$7/12)*V763) | Y763: =IF(U763="","",Y762+X763) | Z763: =IF(U763="","",(1+$D$7/12)*Z762) | AA763: =IF(U763="","",AA762+Z763) | AB763: =IF(U763="","",V763-Z763)
... F896: =IF(N895<0,"",IF(F895="","",IF(($C$8*12)+1>F895+1,F895+1,""))) | G896: =IF(F896="","",N895) | H896: =IF(F896="","",H895) | I896: =IF(F896="","",($C$7/12)*G896) | J896: =IF(F896="","",J895+I896) | K896: =IF(F896="","",H896-I896) | L896: =IF(F896="","",L895+K896) | R896: =IF(R895="","",RATE(F896,H896,-($G$7-$O$6*$G$7-$P$6),N896+$Q$6*N896)*12) -> #VALUE! | U896: =IF(U895="","",IF(($D$8*12)+1>U895+1,U895+1,"")) | V896: =IF(U896="","",AB895) | W896: =IF(U896="","",W895) | X896: =IF(U896="","",($D$7/12)*V896) | Y896: =IF(U896="","",Y895+X896) | Z896: =IF(U896="","",(1+$D$7/12)*Z895) | AA896: =IF(U896="","",AA895+Z896) | AB896: =IF(U896="","",V896-Z896)
F897: =IF(N896<0,"",IF(F896="","",IF(($C$8*12)+1>F896+1,F896+1,""))) | G897: =IF(F897="","",N896) | H897: =IF(F897="","",H896) | I897: =IF(F897="","",($C$7/12)*G897) | J897: =IF(F897="","",J896+I897) | K897: =IF(F897="","",H897-I897) | L897: =IF(F897="","",L896+K897) | N897: =IF(F897="","",G897-K897) | R897: =IF(R896="","",RATE(F897,H897,-($G$7-$O$6*$G$7-$P$6),N897+$Q$6*N897)*12) -> #VALUE! | U897: =IF(U896="","",IF(($D$8*12)+1>U896+1,U896+1,"")) | V897: =IF(U897="","",AB896) | W897: =IF(U897="","",W896) | X897: =IF(U897="","",($D$7/12)*V897) | Y897: =IF(U897="","",Y896+X897) | Z897: =IF(U897="","",(1+$D$7/12)*Z896) | AA897: =IF(U897="","",AA896+Z897) | AB897: =IF(U897="","",V897-Z897)
F898: =IF(N897<0,"",IF(F897="","",IF(($C$8*12)+1>F897+1,F897+1,""))) | G898: =IF(F898="","",N897) | H898: =IF(F898="","",H897) | I898: =IF(F898="","",($C$7/12)*G898) | J898: =IF(F898="","",J897+I898) | K898: =IF(F898="","",H898-I898) | L898: =IF(F898="","",L897+K898) | N898: =IF(F898="","",G898-K898) | R898: =IF(R897="","",RATE(F898,H898,-($G$7-$O$6*$G$7-$P$6),N898+$Q$6*N898)*12) -> #VALUE! | U898: =IF(U897="","",IF(($D$8*12)+1>U897+1,U897+1,"")) | V898: =IF(U898="","",AB897) | W898: =IF(U898="","",W897) | X898: =IF(U898="","",($D$7/12)*V898) | Y898: =IF(U898="","",Y897+X898) | Z898: =IF(U898="","",(1+$D$7/12)*Z897) | AA898: =IF(U898="","",AA897+Z898) | AB898: =IF(U898="","",V898-Z898)
F899: =IF(N898<0,"",IF(F898="","",IF(($C$8*12)+1>F898+1,F898+1,""))) | G899: =IF(F899="","",N898) | H899: =IF(F899="","",H898) | I899: =IF(F899="","",($C$7/12)*G899) | J899: =IF(F899="","",J898+I899) | K899: =IF(F899="","",H899-I899) | L899: =IF(F899="","",L898+K899) | N899: =IF(F899="","",G899-K899) | R899: =IF(R898="","",RATE(F899,H899,-($G$7-$O$6*$G$7-$P$6),N899+$Q$6*N899)*12) -> #VALUE! | U899: =IF(U898="","",IF(($D$8*12)+1>U898+1,U898+1,"")) | V899: =IF(U899="","",AB898) | W899: =IF(U899="","",W898) | X899: =IF(U899="","",($D$7/12)*V899) | Y899: =IF(U899="","",Y898+X899) | Z899: =IF(U899="","",(1+$D$7/12)*Z898) | AA899: =IF(U899="","",AA898+Z899) | AB899: =IF(U899="","",V899-Z899)
F900: =IF(N899<0,"",IF(F899="","",IF(($C$8*12)+1>F899+1,F899+1,""))) | G900: =IF(F900="","",N899) | H900: =IF(F900="","",H899) | I900: =IF(F900="","",($C$7/12)*G900) | J900: =IF(F900="","",J899+I900) | K900: =IF(F900="","",H900-I900) | L900: =IF(F900="","",L899+K900) | N900: =IF(F900="","",G900-K900) | R900: =IF(R899="","",RATE(F900,H900,-($G$7-$O$6*$G$7-$P$6),N900+$Q$6*N900)*12) -> #VALUE! | U900: =IF(U899="","",IF(($D$8*12)+1>U899+1,U899+1,"")) | V900: =IF(U900="","",AB899) | W900: =IF(U900="","",W899) | X900: =IF(U900="","",($D$7/12)*V900) | Y900: =IF(U900="","",Y899+X900) | Z900: =IF(U900="","",(1+$D$7/12)*Z899) | AA900: =IF(U900="","",AA899+Z900) | AB900: =IF(U900="","",V900-Z900)
F901: =IF(N900<0,"",IF(F900="","",IF(($C$8*12)+1>F900+1,F900+1,""))) | G901: =IF(F901="","",N900) | H901: =IF(F901="","",H900) | I901: =IF(F901="","",($C$7/12)*G901) | J901: =IF(F901="","",J900+I901) | K901: =IF(F901="","",H901-I901) | L901: =IF(F901="","",L900+K901) | N901: =IF(F901="","",G901-K901) | R901: =IF(R900="","",RATE(F901,H901,-($G$7-$O$6*$G$7-$P$6),N901+$Q$6*N901)*12) -> #VALUE! | U901: =IF(U900="","",IF(($D$8*12)+1>U900+1,U900+1,"")) | V901: =IF(U901="","",AB900) | W901: =IF(U901="","",W900) | X901: =IF(U901="","",($D$7/12)*V901) | Y901: =IF(U901="","",Y900+X901) | Z901: =IF(U901="","",(1+$D$7/12)*Z900) | AA901: =IF(U901="","",AA900+Z901) | AB901: =IF(U901="","",V901-Z901)
F902: =IF(N901<0,"",IF(F901="","",IF(($C$8*12)+1>F901+1,F901+1,""))) | G902: =IF(F902="","",N901) | H902: =IF(F902="","",H901) | I902: =IF(F902="","",($C$7/12)*G902) | J902: =IF(F902="","",J901+I902) | K902: =IF(F902="","",H902-I902) | L902: =IF(F902="","",L901+K902) | N902: =IF(F902="","",G902-K902) | R902: =IF(R901="","",RATE(F902,H902,-($G$7-$O$6*$G$7-$P$6),N902+$Q$6*N902)*12) -> #VALUE! | U902: =IF(U901="","",IF(($D$8*12)+1>U901+1,U901+1,"")) | V902: =IF(U902="","",AB901) | W902: =IF(U902="","",W901) | X902: =IF(U902="","",($D$7/12)*V902) | Y902: =IF(U902="","",Y901+X902) | Z902: =IF(U902="","",(1+$D$7/12)*Z901) | AA902: =IF(U902="","",AA901+Z902) | AB902: =IF(U902="","",V902-Z902)
F903: =IF(N902<0,"",IF(F902="","",IF(($C$8*12)+1>F902+1,F902+1,""))) | G903: =IF(F903="","",N902) | H903: =IF(F903="","",H902) | I903: =IF(F903="","",($C$7/12)*G903) | J903: =IF(F903="","",J902+I903) | K903: =IF(F903="","",H903-I903) | L903: =IF(F903="","",L902+K903) | N903: =IF(F903="","",G903-K903) | R903: =IF(R902="","",RATE(F903,H903,-($G$7-$O$6*$G$7-$P$6),N903+$Q$6*N903)*12) -> #VALUE! | U903: =IF(U902="","",IF(($D$8*12)+1>U902+1,U902+1,"")) | V903: =IF(U903="","",AB902) | W903: =IF(U903="","",W902) | X903: =IF(U903="","",($D$7/12)*V903) | Y903: =IF(U903="","",Y902+X903) | Z903: =IF(U903="","",(1+$D$7/12)*Z902) | AA903: =IF(U903="","",AA902+Z903) | AB903: =IF(U903="","",V903-Z903)
F904: =IF(N903<0,"",IF(F903="","",IF(($C$8*12)+1>F903+1,F903+1,""))) | G904: =IF(F904="","",N903) | H904: =IF(F904="","",H903) | I904: =IF(F904="","",($C$7/12)*G904) | J904: =IF(F904="","",J903+I904) | K904: =IF(F904="","",H904-I904) | L904: =IF(F904="","",L903+K904) | N904: =IF(F904="","",G904-K904) | R904: =IF(R903="","",RATE(F904,H904,-($G$7-$O$6*$G$7-$P$6),N904+$Q$6*N904)*12) -> #VALUE! | U904: =IF(U903="","",IF(($D$8*12)+1>U903+1,U903+1,"")) | V904: =IF(U904="","",AB903) | W904: =IF(U904="","",W903) | X904: =IF(U904="","",($D$7/12)*V904) | Y904: =IF(U904="","",Y903+X904) | Z904: =IF(U904="","",(1+$D$7/12)*Z903) | AA904: =IF(U904="","",AA903+Z904) | AB904: =IF(U904="","",V904-Z904)
F905: =IF(N904<0,"",IF(F904="","",IF(($C$8*12)+1>F904+1,F904+1,""))) | G905: =IF(F905="","",N904) | H905: =IF(F905="","",H904) | I905: =IF(F905="","",($C$7/12)*G905) | J905: =IF(F905="","",J904+I905) | K905: =IF(F905="","",H905-I905) | L905: =IF(F905="","",L904+K905) | N905: =IF(F905="","",G905-K905) | R905: =IF(R904="","",RATE(F905,H905,-($G$7-$O$6*$G$7-$P$6),N905+$Q$6*N905)*12) -> #VALUE! | U905: =IF(U904="","",IF(($D$8*12)+1>U904+1,U904+1,"")) | V905: =IF(U905="","",AB904) | W905: =IF(U905="","",W904) | X905: =IF(U905="","",($D$7/12)*V905) | Y905: =IF(U905="","",Y904+X905) | Z905: =IF(U905="","",(1+$D$7/12)*Z904) | AA905: =IF(U905="","",AA904+Z905) | AB905: =IF(U905="","",V905-Z905)
F906: =IF(N905<0,"",IF(F905="","",IF(($C$8*12)+1>F905+1,F905+1,""))) | G906: =IF(F906="","",N905) | H906: =IF(F906="","",H905) | I906: =IF(F906="","",($C$7/12)*G906) | J906: =IF(F906="","",J905+I906) | K906: =IF(F906="","",H906-I906) | L906: =IF(F906="","",L905+K906) | N906: =IF(F906="","",G906-K906) | R906: =IF(R905="","",RATE(F906,H906,-($G$7-$O$6*$G$7-$P$6),N906+$Q$6*N906)*12) -> #VALUE! | U906: =IF(U905="","",IF(($D$8*12)+1>U905+1,U905+1,"")) | V906: =IF(U906="","",AB905) | W906: =IF(U906="","",W905) | X906: =IF(U906="","",($D$7/12)*V906) | Y906: =IF(U906="","",Y905+X906) | Z906: =IF(U906="","",(1+$D$7/12)*Z905) | AA906: =IF(U906="","",AA905+Z906) | AB906: =IF(U906="","",V906-Z906)
F907: =IF(N906<0,"",IF(F906="","",IF(($C$8*12)+1>F906+1,F906+1,""))) | G907: =IF(F907="","",N906) | H907: =IF(F907="","",H906) | I907: =IF(F907="","",($C$7/12)*G907) | J907: =IF(F907="","",J906+I907) | K907: =IF(F907="","",H907-I907) | L907: =IF(F907="","",L906+K907) | N907: =IF(F907="","",G907-K907) | R907: =IF(R906="","",RATE(F907,H907,-($G$7-$O$6*$G$7-$P$6),N907+$Q$6*N907)*12) -> #VALUE! | U907: =IF(U906="","",IF(($D$8*12)+1>U906+1,U906+1,"")) | V907: =IF(U907="","",AB906) | W907: =IF(U907="","",W906) | X907: =IF(U907="","",($D$7/12)*V907) | Y907: =IF(U907="","",Y906+X907) | Z907: =IF(U907="","",(1+$D$7/12)*Z906) | AA907: =IF(U907="","",AA906+Z907) | AB907: =IF(U907="","",V907-Z907)
F908: =IF(N907<0,"",IF(F907="","",IF(($C$8*12)+1>F907+1,F907+1,""))) | G908: =IF(F908="","",N907) | H908: =IF(F908="","",H907) | I908: =IF(F908="","",($C$7/12)*G908) | J908: =IF(F908="","",J907+I908) | K908: =IF(F908="","",H908-I908) | L908: =IF(F908="","",L907+K908) | N908: =IF(F908="","",G908-K908) | R908: =IF(R907="","",RATE(F908,H908,-($G$7-$O$6*$G$7-$P$6),N908+$Q$6*N908)*12) -> #VALUE! | U908: =IF(U907="","",IF(($D$8*12)+1>U907+1,U907+1,"")) | V908: =IF(U908="","",AB907) | W908: =IF(U908="","",W907) | X908: =IF(U908="","",($D$7/12)*V908) | Y908: =IF(U908="","",Y907+X908) | Z908: =IF(U908="","",(1+$D$7/12)*Z907) | AA908: =IF(U908="","",AA907+Z908) | AB908: =IF(U908="","",V908-Z908)
... F1006: =IF(N1005<0,"",IF(F1005="","",IF(($C$8*12)+1>F1005+1,F1005+1,""))) | G1006: =IF(F1006="","",N1005) | H1006: =IF(F1006="","",H1005) | I1006: =IF(F1006="","",($C$7/12)*G1006) | J1006: =IF(F1006="","",J1005+I1006) | K1006: =IF(F1006="","",H1006-I1006) | L1006: =IF(F1006="","",L1005+K1006) | N1006: =IF(F1006="","",G1006-K1006) | R1006: =IF(R1005="","",RATE(F1006,H1006,-($G$7-$O$6*$G$7-$P$6),N1006+$Q$6*N1006)*12) -> #VALUE! | U1006: =IF(U1005="","",IF(($D$8*12)+1>U1005+1,U1005+1,"")) | V1006: =IF(U1006="","",AB1005) | W1006: =IF(U1006="","",W1005) | X1006: =IF(U1006="","",($D$7/12)*V1006) | Y1006: =IF(U1006="","",Y1005+X1006) | Z1006: =IF(U1006="","",(1+$D$7/12)*Z1005) | AA1006: =IF(U1006="","",AA1005+Z1006) | AB1006: =IF(U1006="","",V1006-Z1006)
F1007: =IF(N1006<0,"",IF(F1006="","",IF(($C$8*12)+1>F1006+1,F1006+1,""))) | G1007: =IF(F1007="","",N1006) | H1007: =IF(F1007="","",H1006) | I1007: =IF(F1007="","",($C$7/12)*G1007) | J1007: =IF(F1007="","",J1006+I1007) | K1007: =IF(F1007="","",H1007-I1007) | L1007: =IF(F1007="","",L1006+K1007) | N1007: =IF(F1007="","",G1007-K1007) | R1007: =IF(R1006="","",RATE(F1007,H1007,-($G$7-$O$6*$G$7-$P$6),N1007+$Q$6*N1007)*12) -> #VALUE! | U1007: =IF(U1006="","",IF(($D$8*12)+1>U1006+1,U1006+1,"")) | Y1007: =IF(U1007="","",Y1006+X1007) | AA1007: =IF(U1007="","",AA1006+Z1007)
F1008: =IF(N1007<0,"",IF(F1007="","",IF(($C$8*12)+1>F1007+1,F1007+1,""))) | G1008: =IF(F1008="","",N1007) | H1008: =IF(F1008="","",H1007) | I1008: =IF(F1008="","",($C$7/12)*G1008) | J1008: =IF(F1008="","",J1007+I1008) | K1008: =IF(F1008="","",H1008-I1008) | L1008: =IF(F1008="","",L1007+K1008) | N1008: =IF(F1008="","",G1008-K1008) | R1008: =IF(R1007="","",RATE(F1008,H1008,-($G$7-$O$6*$G$7-$P$6),N1008+$Q$6*N1008)*12) -> #VALUE! | U1008: =IF(U1007="","",IF(($D$8*12)+1>U1007+1,U1007+1,"")) | Y1008: =IF(U1008="","",Y1007+X1008) | AA1008: =IF(U1008="","",AA1007+Z1008)
F1009: =IF(N1008<0,"",IF(F1008="","",IF(($C$8*12)+1>F1008+1,F1008+1,""))) | G1009: =IF(F1009="","",N1008) | H1009: =IF(F1009="","",H1008) | I1009: =IF(F1009="","",($C$7/12)*G1009) | J1009: =IF(F1009="","",J1008+I1009) | K1009: =IF(F1009="","",H1009-I1009) | L1009: =IF(F1009="","",L1008+K1009) | N1009: =IF(F1009="","",G1009-K1009) | R1009: =IF(R1008="","",RATE(F1009,H1009,-($G$7-$O$6*$G$7-$P$6),N1009+$Q$6*N1009)*12) -> #VALUE! | U1009: =IF(U1008="","",IF(($D$8*12)+1>U1008+1,U1008+1,"")) | Y1009: =IF(U1009="","",Y1008+X1009) | AA1009: =IF(U1009="","",AA1008+Z1009)
F1010: =IF(N1009<0,"",IF(F1009="","",IF(($C$8*12)+1>F1009+1,F1009+1,""))) | G1010: =IF(F1010="","",N1009) | H1010: =IF(F1010="","",H1009) | I1010: =IF(F1010="","",($C$7/12)*G1010) | J1010: =IF(F1010="","",J1009+I1010) | K1010: =IF(F1010="","",H1010-I1010) | L1010: =IF(F1010="","",L1009+K1010) | N1010: =IF(F1010="","",G1010-K1010) | R1010: =IF(R1009="","",RATE(F1010,H1010,-($G$7-$O$6*$G$7-$P$6),N1010+$Q$6*N1010)*12) -> #VALUE! | U1010: =IF(U1009="","",IF(($D$8*12)+1>U1009+1,U1009+1,"")) | Y1010: =IF(U1010="","",Y1009+X1010) | AA1010: =IF(U1010="","",AA1009+Z1010)
F1011: =IF(N1010<0,"",IF(F1010="","",IF(($C$8*12)+1>F1010+1,F1010+1,""))) | G1011: =IF(F1011="","",N1010) | H1011: =IF(F1011="","",H1010) | I1011: =IF(F1011="","",($C$7/12)*G1011) | J1011: =IF(F1011="","",J1010+I1011) | K1011: =IF(F1011="","",H1011-I1011) | L1011: =IF(F1011="","",L1010+K1011) | N1011: =IF(F1011="","",G1011-K1011) | R1011: =IF(R1010="","",RATE(F1011,H1011,-($G$7-$O$6*$G$7-$P$6),N1011+$Q$6*N1011)*12) -> #VALUE! | U1011: =IF(U1010="","",IF(($D$8*12)+1>U1010+1,U1010+1,"")) | Y1011: =IF(U1011="","",Y1010+X1011) | AA1011: =IF(U1011="","",AA1010+Z1011)
F1012: =IF(N1011<0,"",IF(F1011="","",IF(($C$8*12)+1>F1011+1,F1011+1,""))) | G1012: =IF(F1012="","",N1011) | H1012: =IF(F1012="","",H1011) | I1012: =IF(F1012="","",($C$7/12)*G1012) | J1012: =IF(F1012="","",J1011+I1012) | K1012: =IF(F1012="","",H1012-I1012) | L1012: =IF(F1012="","",L1011+K1012) | N1012: =IF(F1012="","",G1012-K1012) | R1012: =IF(R1011="","",RATE(F1012,H1012,-($G$7-$O$6*$G$7-$P$6),N1012+$Q$6*N1012)*12) -> #VALUE! | U1012: =IF(U1011="","",IF(($D$8*12)+1>U1011+1,U1011+1,"")) | Y1012: =IF(U1012="","",Y1011+X1012) | AA1012: =IF(U1012="","",AA1011+Z1012)
F1013: =IF(N1012<0,"",IF(F1012="","",IF(($C$8*12)+1>F1012+1,F1012+1,""))) | G1013: =IF(F1013="","",N1012) | H1013: =IF(F1013="","",H1012) | I1013: =IF(F1013="","",($C$7/12)*G1013) | J1013: =IF(F1013="","",J1012+I1013) | K1013: =IF(F1013="","",H1013-I1013) | L1013: =IF(F1013="","",L1012+K1013) | N1013: =IF(F1013="","",G1013-K1013) | R1013: =IF(R1012="","",RATE(F1013,H1013,-($G$7-$O$6*$G$7-$P$6),N1013+$Q$6*N1013)*12) -> #VALUE! | U1013: =IF(U1012="","",IF(($D$8*12)+1>U1012+1,U1012+1,"")) | Y1013: =IF(U1013="","",Y1012+X1013) | AA1013: =IF(U1013="","",AA1012+Z1013)
F1014: =IF(N1013<0,"",IF(F1013="","",IF(($C$8*12)+1>F1013+1,F1013+1,""))) | G1014: =IF(F1014="","",N1013) | H1014: =IF(F1014="","",H1013) | I1014: =IF(F1014="","",($C$7/12)*G1014) | J1014: =IF(F1014="","",J1013+I1014) | K1014: =IF(F1014="","",H1014-I1014) | L1014: =IF(F1014="","",L1013+K1014) | N1014: =IF(F1014="","",G1014-K1014) | R1014: =IF(R1013="","",RATE(F1014,H1014,-($G$7-$O$6*$G$7-$P$6),N1014+$Q$6*N1014)*12) -> #VALUE! | U1014: =IF(U1013="","",IF(($D$8*12)+1>U1013+1,U1013+1,"")) | Y1014: =IF(U1014="","",Y1013+X1014) | AA1014: =IF(U1014="","",AA1013+Z1014)
F1015: =IF(N1014<0,"",IF(F1014="","",IF(($C$8*12)+1>F1014+1,F1014+1,""))) | G1015: =IF(F1015="","",N1014) | H1015: =IF(F1015="","",H1014) | I1015: =IF(F1015="","",($C$7/12)*G1015) | J1015: =IF(F1015="","",J1014+I1015) | K1015: =IF(F1015="","",H1015-I1015) | L1015: =IF(F1015="","",L1014+K1015) | N1015: =IF(F1015="","",G1015-K1015) | R1015: =IF(R1014="","",RATE(F1015,H1015,-($G$7-$O$6*$G$7-$P$6),N1015+$Q$6*N1015)*12) -> #VALUE! | U1015: =IF(U1014="","",IF(($D$8*12)+1>U1014+1,U1014+1,"")) | Y1015: =IF(U1015="","",Y1014+X1015) | AA1015: =IF(U1015="","",AA1014+Z1015)
F1016: =IF(N1015<0,"",IF(F1015="","",IF(($C$8*12)+1>F1015+1,F1015+1,""))) | G1016: =IF(F1016="","",N1015) | H1016: =IF(F1016="","",H1015) | I1016: =IF(F1016="","",($C$7/12)*G1016) | J1016: =IF(F1016="","",J1015+I1016) | K1016: =IF(F1016="","",H1016-I1016) | L1016: =IF(F1016="","",L1015+K1016) | N1016: =IF(F1016="","",G1016-K1016) | R1016: =IF(R1015="","",RATE(F1016,H1016,-($G$7-$O$6*$G$7-$P$6),N1016+$Q$6*N1016)*12) -> #VALUE! | U1016: =IF(U1015="","",IF(($D$8*12)+1>U1015+1,U1015+1,"")) | Y1016: =IF(U1016="","",Y1015+X1016) | AA1016: =IF(U1016="","",AA1015+Z1016)
F1017: =IF(N1016<0,"",IF(F1016="","",IF(($C$8*12)+1>F1016+1,F1016+1,""))) | G1017: =IF(F1017="","",N1016) | H1017: =IF(F1017="","",H1016) | I1017: =IF(F1017="","",($C$7/12)*G1017) | J1017: =IF(F1017="","",J1016+I1017) | K1017: =IF(F1017="","",H1017-I1017) | L1017: =IF(F1017="","",L1016+K1017) | N1017: =IF(F1017="","",G1017-K1017) | R1017: =IF(R1016="","",RATE(F1017,H1017,-($G$7-$O$6*$G$7-$P$6),N1017+$Q$6*N1017)*12) -> #VALUE! | U1017: =IF(U1016="","",IF(($D$8*12)+1>U1016+1,U1016+1,"")) | Y1017: =IF(U1017="","",Y1016+X1017) | AA1017: =IF(U1017="","",AA1016+Z1017)
F1018: =IF(N1017<0,"",IF(F1017="","",IF(($C$8*12)+1>F1017+1,F1017+1,""))) | G1018: =IF(F1018="","",N1017) | H1018: =IF(F1018="","",H1017) | I1018: =IF(F1018="","",($C$7/12)*G1018) | J1018: =IF(F1018="","",J1017+I1018) | K1018: =IF(F1018="","",H1018-I1018) | L1018: =IF(F1018="","",L1017+K1018) | N1018: =IF(F1018="","",G1018-K1018) | R1018: =IF(R1017="","",RATE(F1018,H1018,-($G$7-$O$6*$G$7-$P$6),N1018+$Q$6*N1018)*12) -> #VALUE! | U1018: =IF(U1017="","",IF(($D$8*12)+1>U1017+1,U1017+1,"")) | Y1018: =IF(U1018="","",Y1017+X1018) | AA1018: =IF(U1018="","",AA1017+Z1018)
... F1110: =IF(N1109<0,"",IF(F1109="","",IF(($C$8*12)+1>F1109+1,F1109+1,""))) | G1110: =IF(F1110="","",N1109) | H1110: =IF(F1110="","",H1109) | I1110: =IF(F1110="","",($C$7/12)*G1110) | J1110: =IF(F1110="","",J1109+I1110) | K1110: =IF(F1110="","",H1110-I1110) | L1110: =IF(F1110="","",L1109+K1110) | N1110: =IF(F1110="","",G1110-K1110) | R1110: =IF(R1109="","",RATE(F1110,H1110,-($G$7-$O$6*$G$7-$P$6),N1110+$Q$6*N1110)*12) -> #VALUE! | U1110: =IF(U1109="","",IF(($D$8*12)+1>U1109+1,U1109+1,"")) | Y1110: =IF(U1110="","",Y1109+X1110) | AA1110: =IF(U1110="","",AA1109+Z1110)
F1111: =IF(N1110<0,"",IF(F1110="","",IF(($C$8*12)+1>F1110+1,F1110+1,""))) | G1111: =IF(F1111="","",N1110) | H1111: =IF(F1111="","",H1110) | I1111: =IF(F1111="","",($C$7/12)*G1111) | J1111: =IF(F1111="","",J1110+I1111) | K1111: =IF(F1111="","",H1111-I1111) | L1111: =IF(F1111="","",L1110+K1111) | N1111: =IF(F1111="","",G1111-K1111) | U1111: =IF(U1110="","",IF(($D$8*12)+1>U1110+1,U1110+1,"")) | Y1111: =IF(U1111="","",Y1110+X1111) | AA1111: =IF(U1111="","",AA1110+Z1111)
F1112: =IF(N1111<0,"",IF(F1111="","",IF(($C$8*12)+1>F1111+1,F1111+1,""))) | G1112: =IF(F1112="","",N1111) | H1112: =IF(F1112="","",H1111) | I1112: =IF(F1112="","",($C$7/12)*G1112) | J1112: =IF(F1112="","",J1111+I1112) | K1112: =IF(F1112="","",H1112-I1112) | L1112: =IF(F1112="","",L1111+K1112) | N1112: =IF(F1112="","",G1112-K1112) | U1112: =IF(U1111="","",IF(($D$8*12)+1>U1111+1,U1111+1,"")) | Y1112: =IF(U1112="","",Y1111+X1112) | AA1112: =IF(U1112="","",AA1111+Z1112)
F1113: =IF(N1112<0,"",IF(F1112="","",IF(($C$8*12)+1>F1112+1,F1112+1,""))) | G1113: =IF(F1113="","",N1112) | H1113: =IF(F1113="","",H1112) | I1113: =IF(F1113="","",($C$7/12)*G1113) | J1113: =IF(F1113="","",J1112+I1113) | K1113: =IF(F1113="","",H1113-I1113) | L1113: =IF(F1113="","",L1112+K1113) | N1113: =IF(F1113="","",G1113-K1113) | U1113: =IF(U1112="","",IF(($D$8*12)+1>U1112+1,U1112+1,"")) | Y1113: =IF(U1113="","",Y1112+X1113) | AA1113: =IF(U1113="","",AA1112+Z1113)
F1114: =IF(N1113<0,"",IF(F1113="","",IF(($C$8*12)+1>F1113+1,F1113+1,""))) | G1114: =IF(F1114="","",N1113) | H1114: =IF(F1114="","",H1113) | I1114: =IF(F1114="","",($C$7/12)*G1114) | J1114: =IF(F1114="","",J1113+I1114) | K1114: =IF(F1114="","",H1114-I1114) | L1114: =IF(F1114="","",L1113+K1114) | N1114: =IF(F1114="","",G1114-K1114) | U1114: =IF(U1113="","",IF(($D$8*12)+1>U1113+1,U1113+1,"")) | Y1114: =IF(U1114="","",Y1113+X1114) | AA1114: =IF(U1114="","",AA1113+Z1114)
F1115: =IF(N1114<0,"",IF(F1114="","",IF(($C$8*12)+1>F1114+1,F1114+1,""))) | G1115: =IF(F1115="","",N1114) | H1115: =IF(F1115="","",H1114) | I1115: =IF(F1115="","",($C$7/12)*G1115) | J1115: =IF(F1115="","",J1114+I1115) | K1115: =IF(F1115="","",H1115-I1115) | L1115: =IF(F1115="","",L1114+K1115) | N1115: =IF(F1115="","",G1115-K1115) | U1115: =IF(U1114="","",IF(($D$8*12)+1>U1114+1,U1114+1,"")) | Y1115: =IF(U1115="","",Y1114+X1115) | AA1115: =IF(U1115="","",AA1114+Z1115)
F1116: =IF(N1115<0,"",IF(F1115="","",IF(($C$8*12)+1>F1115+1,F1115+1,""))) | G1116: =IF(F1116="","",N1115) | H1116: =IF(F1116="","",H1115) | I1116: =IF(F1116="","",($C$7/12)*G1116) | J1116: =IF(F1116="","",J1115+I1116) | K1116: =IF(F1116="","",H1116-I1116) | L1116: =IF(F1116="","",L1115+K1116) | N1116: =IF(F1116="","",G1116-K1116) | U1116: =IF(U1115="","",IF(($D$8*12)+1>U1115+1,U1115+1,"")) | Y1116: =IF(U1116="","",Y1115+X1116) | AA1116: =IF(U1116="","",AA1115+Z1116)
...
